Workbook
Name _Fill: #REF!
Name _Fill: #REF!
Name _Fill: #REF!
Name _Fill: #REF!
Name _Key1: #REF!
Name _Key1: #REF!
Name _Key1: #REF!
Name _Key1: #REF!
Name _Key2: #REF!
Name _Key2: #REF!
Name _Key2: #REF!
Name _Key2: #REF!
Name _Sort: #REF!
Name _Sort: #REF!
Name _Sort: #REF!
Name _Sort: #REF!
Name ABCD: #REF!
Name ABCD: #REF!
Name ABCD: #REF!
Name ABCD: #REF!
Name ABCDE: #REF!
Name ABCDE: #REF!
Name ABCDE: #REF!
Name ABCDE: #REF!
Name DWPRICE: #REF!
Name DWPRICE: #REF!
Name DWPRICE: #REF!
Name DWPRICE: #REF!
Name PROVISIONALES: #REF!
Name PROVISIONALES: #REF!
Name PROVISIONALES: #REF!
Name PROVISIONALES: #REF!
Name XXXX: #REF!
Name XXXX: #REF!
Name XXXX: #REF!
Name XXXX: #REF!
Name XZS: #REF!
Name XZS: #REF!
Name XZS: #REF!
Name XZS: #REF!

Sheet PRESUPUESTO FINAL FDLU
A2: Formulario 1 - Propuesta económica - Documento tipo de licitación de obra pública de agua potable y saneamiento básico | D2: ALCALDIA LOCAL DE USME REALIZAR POR EL SISTEMA DE PRECIOS UNITARIOS FIJOS SIN FORMULA DE REAJUSTE Y HASTA MONTO AGOTABLE, LA CONSERVACIÓN, Y LAS OBRAS REQUERIDAS PARA LA OPTIMIZACION Y MEJORAMIENTO DE LOS ACUEDUCTOS VEREDALES EN LA LOCALIDAD DE USME
A3: Código | B3: CCE-EICP-FM-47 | C3: 1 | J3: 1384004700
A4: FORMULARIO 1
A5: PRESUPUESTO OFICIAL
A8: Nº | B8: ÍTEM DE PAGO | C8: ESPECIFICACIONES | E8: DESCRIPCIÓN | F8: UND. | G8: CANTIDAD | H8: VALOR UNITARIO | I8: VALOR TOTAL | J8: VALOR UN. INC. A.I.U 30,35%
C9: GENERAL | D9: PARTICULAR | J9: 1.3035
B10: 1 | E10: OBRAS PRELIMINARES
B11: 1.1 | E11: ACTIVIDADES PRELIMINARES
A12: 1 | B12: 1.1.1 | C12: Ref. Precio EPC | E12: LOCALIZACIÓN Y REPLANTEO REDES | F12: ML | G12: =+'PRESUPUESTO OFICIAL AGUAS DORAD'!G12+'PRESUPUESTO OFICIAL EL DESTINO'!G12+'PRESUPUESTO LAS MARGARITAS'!G12 -> 3812.5509 | H12: 12426 | I12: =+ROUND((L12*G12),0) -> 61751887 | J12: =+H12*J9 -> 16197.291 | L12: =++ROUND(J12,0) -> 16197
A13: 2 | B13: 1.1.2 | C13: Ref. Precio EPC | E13: LOCALIZACIÓN Y REPLANTEO ESTRUCTURAS | F13: M2 | G13: =+'PRESUPUESTO OFICIAL AGUAS DORAD'!G13+'PRESUPUESTO OFICIAL EL DESTINO'!G13+'PRESUPUESTO LAS MARGARITAS'!G13 -> 28 | H13: 15249 | I13: =+ROUND((L13*G13),0) -> 556556 | J13: =+H13*J9 -> 19877.072 | L13: =++ROUND(J13,0) -> 19877
A14: 2 | B14: 1.1.3 | C14: Ref. Precio EPC | E14: MANEJO DE AGUAS EN ZANJA, CUALQUIER ANCHO. | F14: ML | G14: =+'PRESUPUESTO OFICIAL AGUAS DORAD'!G14+'PRESUPUESTO OFICIAL EL DESTINO'!G14+'PRESUPUESTO LAS MARGARITAS'!G14 -> 35 | H14: 11382 | I14: =+ROUND((L14*G14),0) -> 519260 | J14: =+H14*J9 -> 14836.437 | L14: =++ROUND(J14,0) -> 14836
A15: 3 | B15: 1.1.4 | C15: Ref. Precio EPC | E15: DESVIACIÓN DE CAUCE ENTRE 0 A 1 M | F15: ML | G15: =+'PRESUPUESTO OFICIAL AGUAS DORAD'!G15+'PRESUPUESTO OFICIAL EL DESTINO'!G15+'PRESUPUESTO LAS MARGARITAS'!G15 -> 40 | H15: 48825 | I15: =+ROUND((L15*G15),0) -> 2545720 | J15: =+H15*J9 -> 63643.388 | L15: =++ROUND(J15,0) -> 63643
A16: 4 | B16: 1.1.5 | C16: Ref. Precio EPC | E16: DESVIACIÓN DE CAUCE ENTRE 1 A 3 M | F16: ML | G16: =+'PRESUPUESTO OFICIAL AGUAS DORAD'!G16+'PRESUPUESTO OFICIAL EL DESTINO'!G16+'PRESUPUESTO LAS MARGARITAS'!G16 -> 30 | H16: 61031 | I16: =+ROUND((L16*G16),0) -> 2386620 | J16: =+H16*J9 -> 79553.909 | L16: =++ROUND(J16,0) -> 79554
A17: Subtotal | I17: =SUM(I12:I16) -> 67760043 | K17: =+'PRESUPUESTO OFICIAL AGUAS DORAD'!I17+'PRESUPUESTO OFICIAL EL DESTINO'!I17+'PRESUPUESTO LAS MARGARITAS'!I17 -> 63235634
B18: 2 | E18: DEMOLICIONES, DESMONTE Y DESCAPOTE
B19: 2.1 | E19: DEMOLICIONES
A20: 5 | B20: 2.1.1 | C20: Ref. Precio EPC | E20: DEMOLICIÓN DE ESTRUCTURAS EN CONCRETO | F20: M3 | G20: =+'PRESUPUESTO OFICIAL AGUAS DORAD'!G20+'PRESUPUESTO OFICIAL EL DESTINO'!G20+'PRESUPUESTO LAS MARGARITAS'!G20 -> 15 | H20: 121340 | I20: =+ROUND((L20*G20),0) -> 2372505 | J20: =+H20*J9 -> 158166.69 | L20: =++ROUND(J20,0) -> 158167
A21: 6 | B21: 2.1.2 | C21: Ref. Precio EPC | E21: DEMOLICIÓN DE PAVIMENTO FLEXIBLE (INCLUYE CORTE A MÁQUINA 2 COSTADOS) | F21: M3 | G21: =+'PRESUPUESTO OFICIAL AGUAS DORAD'!G21+'PRESUPUESTO OFICIAL EL DESTINO'!G21+'PRESUPUESTO LAS MARGARITAS'!G21 -> 21 | H21: 110429 | I21: =+ROUND((L21*G21),0) -> 3022824 | J21: =+H21*J9 -> 143944.2 | L21: =++ROUND(J21,0) -> 143944
A22: 7 | B22: 2.1.2 | C22: Ref. Precio EPC | E22: DEMOLICIÓN CAJAS DE INSPECCIÓN | F22: UN | G22: =+'PRESUPUESTO OFICIAL AGUAS DORAD'!G22+'PRESUPUESTO OFICIAL EL DESTINO'!G22+'PRESUPUESTO LAS MARGARITAS'!G22 -> 11 | H22: 74832 | I22: =+ROUND((L22*G22),0) -> 1072984 | J22: =+H22*J9 -> 97543.512 | L22: =++ROUND(J22,0) -> 97544
A23: 8 | B23: 2.1.4 | C23: Ref. Precio EPC | E23: DEMOLICIÓN DE PAVIMENTO RÍGIDO (INCLUYE CORTE A MÁQUINA 2 COSTADOS) | F23: M3 | G23: =+'PRESUPUESTO OFICIAL AGUAS DORAD'!G23+'PRESUPUESTO OFICIAL EL DESTINO'!G23+'PRESUPUESTO LAS MARGARITAS'!G23 -> 21 | H23: 128491 | I23: =+ROUND((L23*G23),0) -> 3517248 | J23: =+H23*J9 -> 167488.02 | L23: =++ROUND(J23,0) -> 167488
A24: 9 | B24: 2.1.3 | C24: Ref. Precio EPC | E24: DEMOLICIÓN DE ANDENES Y SARDINELES (INCLUYE CORTE A MÁQUINA 2 COSTADOS) | F24: M3 | G24: =+'PRESUPUESTO OFICIAL AGUAS DORAD'!G24+'PRESUPUESTO OFICIAL EL DESTINO'!G24+'PRESUPUESTO LAS MARGARITAS'!G24 -> 16 | H24: 76623 | I24: =+ROUND((L24*G24),0) -> 1598048 | J24: =+H24*J9 -> 99878.081 | L24: =++ROUND(J24,0) -> 99878
A25: 10 | B25: 2.1.4 | C25: Ref. Precio EPC | E25: DESCAPOTE MANUAL Y RETIRO E= 0.20 M APILE A 15 M | F25: M2 | G25: =+'PRESUPUESTO OFICIAL AGUAS DORAD'!G25+'PRESUPUESTO OFICIAL EL DESTINO'!G25+'PRESUPUESTO LAS MARGARITAS'!G25 -> 52 | H25: 11042 | I25: =+ROUND((L25*G25),0) -> 748436 | J25: =+H25*J9 -> 14393.247 | L25: =++ROUND(J25,0) -> 14393
A26: 11 | B26: 2.1.5 | C26: Ref. Precio EPC | E26: DESMONTE Y LIMPIEZA (CON RETIRO) | F26: M2 | G26: =+'PRESUPUESTO OFICIAL AGUAS DORAD'!G26+'PRESUPUESTO OFICIAL EL DESTINO'!G26+'PRESUPUESTO LAS MARGARITAS'!G26 -> 60 | H26: 30516 | I26: =+ROUND((L26*G26),0) -> 2386680 | J26: =+H26*J9 -> 39777.606 | L26: =++ROUND(J26,0) -> 39778
A27: Subtotal | I27: =SUM(I20:I26) -> 14718725 | K27: =+'PRESUPUESTO OFICIAL AGUAS DORAD'!I27+'PRESUPUESTO OFICIAL EL DESTINO'!I27+'PRESUPUESTO LAS MARGARITAS'!I27 -> 14718710 | L27: =++ROUND(J27,0) -> 0
B28: 4 | E28: EXCAVACIONES, NO INCLUYE CARGUE NI TRANSPORTE | L28: =++ROUND(J28,0) -> 0
B29: 4.1 | E29: EXCAVACIONES MANUAL EN TIERRA | L29: =++ROUND(J29,0) -> 0
A30: 12 | B30: 4.1.1 | C30: Ref. Precio EPC | E30: EXCAVACIONES MANUAL EN TIERRA DE 0 A 2 M DE PROFUNDIDAD | F30: M3 | G30: =+'PRESUPUESTO OFICIAL AGUAS DORAD'!G30+'PRESUPUESTO OFICIAL EL DESTINO'!G30+'PRESUPUESTO LAS MARGARITAS'!G30 -> 400.6875 | H30: 61280 | I30: =+ROUND((L30*G30),0) -> 32006116 | J30: =+H30*J9 -> 79878.48 | L30: =++ROUND(J30,0) -> 79878
A31: 13 | B31: 4.1.2 | C31: Ref. Precio EPC | E31: EXCAVACIONES MANUAL EN TIERRA DE 2 A 4 M DE PROFUNDIDAD | F31: M3 | G31: =+'PRESUPUESTO OFICIAL AGUAS DORAD'!G31+'PRESUPUESTO OFICIAL EL DESTINO'!G31+'PRESUPUESTO LAS MARGARITAS'!G31 -> 21 | H31: 54933 | I31: =+ROUND((L31*G31),0) -> 1503705 | J31: =+H31*J9 -> 71605.166 | L31: =++ROUND(J31,0) -> 71605
A32: 14 | B32: 4.1.2 | C32: Ref. Precio EPC | E32: EXCAVACIONES MANUAL EN TIERRA A PROFUNDIDADES MAYORES DE 4 M | F32: M3 | G32: =+'PRESUPUESTO OFICIAL AGUAS DORAD'!G32+'PRESUPUESTO OFICIAL EL DESTINO'!G32+'PRESUPUESTO LAS MARGARITAS'!G32 -> 27 | H32: 70628 | I32: =+ROUND((L32*G32),0) -> 2485728 | J32: =+H32*J9 -> 92063.598 | L32: =++ROUND(J32,0) -> 92064
A33: Subtotal | I33: =SUM(I30:I32) -> 35995549 | K33: =+'PRESUPUESTO OFICIAL AGUAS DORAD'!I33+'PRESUPUESTO OFICIAL EL DESTINO'!I33+'PRESUPUESTO LAS MARGARITAS'!I33 -> 35995734 | L33: =++ROUND(J33,0) -> 0
B34: 4.2 | E34: EXCAVACIONES MANUAL EN CONGLOMERADO | L34: =++ROUND(J34,0) -> 0
A35: 15 | B35: 4.2.1 | C35: Ref. Precio EPC | E35: EXCAVACIONES MANUAL EN CONGLOMERADO DE 0 A 2 M DE PROFUNDIDAD | F35: M3 | G35: =+'PRESUPUESTO OFICIAL AGUAS DORAD'!G35+'PRESUPUESTO OFICIAL EL DESTINO'!G35+'PRESUPUESTO LAS MARGARITAS'!G35 -> 24 | H35: 71367 | I35: =+ROUND((L35*G35),0) -> 2232648 | J35: =+H35*J9 -> 93026.885 | L35: =++ROUND(J35,0) -> 93027
A36: 16 | B36: 4.2.2 | C36: Ref. Precio EPC | E36: EXCAVACIONES MANUAL EN CONGLOMERADO DE 2 A 4 M DE PROFUNDIDAD | F36: M3 | G36: =+'PRESUPUESTO OFICIAL AGUAS DORAD'!G36+'PRESUPUESTO OFICIAL EL DESTINO'!G36+'PRESUPUESTO LAS MARGARITAS'!G36 -> 24 | H36: 61800 | I36: =+ROUND((L36*G36),0) -> 1933344 | J36: =+H36*$J$9 -> 80556.3 | L36: =++ROUND(J36,0) -> 80556
A37: 17 | B37: 4.2.3 | C37: Ref. Precio EPC | E37: EXCAVACIONES MANUAL EN CONGLOMERADO A PROFUNDIDADES MAYORES DE 4M | F37: M3 | G37: =+'PRESUPUESTO OFICIAL AGUAS DORAD'!G37+'PRESUPUESTO OFICIAL EL DESTINO'!G37+'PRESUPUESTO LAS MARGARITAS'!G37 -> 24 | H37: 84000 | I37: =+ROUND((L37*G37),0) -> 2627856 | J37: =+H37*$J$9 -> 109494 | L37: =++ROUND(J37,0) -> 109494
A38: Subtotal | I38: =SUM(I35:I37) -> 6793848 | K38: =+'PRESUPUESTO OFICIAL AGUAS DORAD'!I38+'PRESUPUESTO OFICIAL EL DESTINO'!I38+'PRESUPUESTO LAS MARGARITAS'!I38 -> 6793852.4 | L38: =++ROUND(J38,0) -> 0
B39: 4.3 | E39: EXCAVACIÓN MECÁNICA A CUALQUIER PROFUNDIDAD | L39: =++ROUND(J39,0) -> 0
A40: 18 | B40: 4.3.1 | C40: Ref. Precio EPC | E40: EXCAVACIÓN MECÁNICA A CUALQUIER PROFUNDIDAD | F40: M3 | G40: =+'PRESUPUESTO OFICIAL AGUAS DORAD'!G40+'PRESUPUESTO OFICIAL EL DESTINO'!G40+'PRESUPUESTO LAS MARGARITAS'!G40 -> 31 | H40: 10185 | I40: =+ROUND((L40*G40),0) -> 411556 | J40: =+H40*$J$9 -> 13276.148 | L40: =++ROUND(J40,0) -> 13276
A41: Subtotal | I41: =SUM(I40) -> 411556 | L41: =++ROUND(J41,0) -> 0
B42: 4.4 | E42: EXCAVACIÓN EN ROCA | L42: =++ROUND(J42,0) -> 0
A43: 19 | B43: 4.4.1 | C43: Ref. Precio EPC | E43: EXCAVACIÓN MECÁNICA EN ROCA, EN SECO, SIN EXPLOSIVOS | F43: M3 | G43: =+'PRESUPUESTO OFICIAL AGUAS DORAD'!G43+'PRESUPUESTO OFICIAL EL DESTINO'!G43+'PRESUPUESTO LAS MARGARITAS'!G43 -> 31.5 | H43: 145580 | I43: =+ROUND((L43*G43),0) -> 5977566 | J43: =+H43*$J$9 -> 189763.53 | L43: =++ROUND(J43,0) -> 189764
A44: Subtotal | I44: =SUM(I43) -> 5977566 | L44: =++ROUND(J44,0) -> 0
B45: 4.5 | E45: ENTIBADOS | L45: =++ROUND(J45,0) -> 0
A46: 20 | B46: 4.5.1 | C46: Ref. Precio EPC | E46: ENTIBADO TIPO 1 (APUNTALAMIENTO EN MADERA) | F46: M2 | G46: =+'PRESUPUESTO OFICIAL AGUAS DORAD'!G46+'PRESUPUESTO OFICIAL EL DESTINO'!G46+'PRESUPUESTO LAS MARGARITAS'!G46 -> 30 | H46: 37751 | I46: =+ROUND((L46*G46),0) -> 1476240 | J46: =+H46*$J$9 -> 49208.429 | L46: =++ROUND(J46,0) -> 49208
A47: 21 | B47: 4.5.2 | C47: Ref. Precio EPC | E47: ENTIBADO TIPO 1A (DISCONTINUO EN MADERA) | F47: M2 | G47: =+'PRESUPUESTO OFICIAL AGUAS DORAD'!G47+'PRESUPUESTO OFICIAL EL DESTINO'!G47+'PRESUPUESTO LAS MARGARITAS'!G47 -> 30 | H47: 20019 | I47: =+ROUND((L47*G47),0) -> 782850 | J47: =+H47*$J$9 -> 26094.767 | L47: =++ROUND(J47,0) -> 26095
A48: 22 | B48: 4.5.3 | C48: Ref. Precio EPC | E48: ENTIBADO TIPO 2 (CONTINUO EN MADERA) | F48: M2 | G48: =+'PRESUPUESTO OFICIAL AGUAS DORAD'!G48+'PRESUPUESTO OFICIAL EL DESTINO'!G48+'PRESUPUESTO LAS MARGARITAS'!G48 -> 30 | H48: 36776 | I48: =+ROUND((L48*G48),0) -> 1438140 | J48: =+H48*$J$9 -> 47937.516 | L48: =++ROUND(J48,0) -> 47938
A49: 23 | B49: 4.5.4 | C49: Ref. Precio EPC | E49: ENTIBADO TIPO 3 (METÁLICO) | F49: M2 | G49: =+'PRESUPUESTO OFICIAL AGUAS DORAD'!G49+'PRESUPUESTO OFICIAL EL DESTINO'!G49+'PRESUPUESTO LAS MARGARITAS'!G49 -> 30 | H49: 45620 | I49: =+ROUND((L49*G49),0) -> 1783980 | J49: =+H49*$J$9 -> 59465.67 | L49: =++ROUND(J49,0) -> 59466
A50: Subtotal | I50: =SUM(I46:I49) -> 5481210 | L50: =++ROUND(J50,0) -> 0
B51: 5 | E51: RELLENOS | L51: =++ROUND(J51,0) -> 0
B52: 5.1 | E52: RELLENOS | L52: =++ROUND(J52,0) -> 0
A53: 24 | B53: 5.1.1 | C53: Ref. Precio EPC | E53: RELLENO CON MATERIAL SELECCIONADO PROCEDENTE DE LA EXCAVACIÓN | F53: M3 | G53: =+'PRESUPUESTO OFICIAL AGUAS DORAD'!G53+'PRESUPUESTO OFICIAL EL DESTINO'!G53+'PRESUPUESTO LAS MARGARITAS'!G53 -> 293.8125 | H53: 26934 | I53: =+ROUND((L53*G53),0) -> 10315169 | J53: =+H53*$J$9 -> 35108.469 | L53: =++ROUND(J53,0) -> 35108
A54: 25 | B54: 5.1.2 | C54: Ref. Precio EPC | E54: RECEBO COMÚN COMPACTADO MECÁNICAMENTE (RANA) | F54: M3 | G54: =+'PRESUPUESTO OFICIAL AGUAS DORAD'!G54+'PRESUPUESTO OFICIAL EL DESTINO'!G54+'PRESUPUESTO LAS MARGARITAS'!G54 -> 25.6 | H54: 87333 | I54: =+ROUND((L54*G54),0) -> 2914278 | J54: =+H54*$J$9 -> 113838.57 | L54: =++ROUND(J54,0) -> 113839
A55: 26 | B55: 5.1.3 | C55: Ref. Precio EPC | E55: RECEBO COMÚN COMPACTADO MECÁNICAMENTE (VIBRO COMPACTADOR) | F55: M3 | G55: =+'PRESUPUESTO OFICIAL AGUAS DORAD'!G55+'PRESUPUESTO OFICIAL EL DESTINO'!G55+'PRESUPUESTO LAS MARGARITAS'!G55 -> 29 | H55: 61513 | I55: =+ROUND((L55*G55),0) -> 2325278 | J55: =+H55*$J$9 -> 80182.196 | L55: =++ROUND(J55,0) -> 80182
A56: 27 | B56: 5.1.4 | C56: Ref. Precio EPC | E56: SUBBASE GRANULAR TIPO 320.1-07 (NORMA INVÍAS) | F56: M3 | G56: =+'PRESUPUESTO OFICIAL AGUAS DORAD'!G56+'PRESUPUESTO OFICIAL EL DESTINO'!G56+'PRESUPUESTO LAS MARGARITAS'!G56 -> 29 | H56: 236411 | I56: =+ROUND((L56*G56),0) -> 8936698 | J56: =+H56*$J$9 -> 308161.74 | L56: =++ROUND(J56,0) -> 308162
A57: 28 | B57: 5.1.5 | C57: Ref. Precio EPC | E57: BASE GRANULAR TIPO INV 330.1-07 (NORMA INVIAS) | F57: M3 | G57: =+'PRESUPUESTO OFICIAL AGUAS DORAD'!G57+'PRESUPUESTO OFICIAL EL DESTINO'!G57+'PRESUPUESTO LAS MARGARITAS'!G57 -> 29 | H57: 139696 | I57: =+ROUND((L57*G57),0) -> 5280726 | J57: =+H57*$J$9 -> 182093.74 | L57: =++ROUND(J57,0) -> 182094
A58: 29 | B58: 5.1.3 | C58: Ref. Precio EPC | E58: ARENA DE PEÑA PARA SOPORTE DE TUBERÍA | F58: M3 | G58: =+'PRESUPUESTO OFICIAL AGUAS DORAD'!G58+'PRESUPUESTO OFICIAL EL DESTINO'!G58+'PRESUPUESTO LAS MARGARITAS'!G58 -> 25.8 | H58: 183224 | I58: =+ROUND((L58*G58),0) -> 6161866 | J58: =+H58*$J$9 -> 238832.48 | L58: =++ROUND(J58,0) -> 238832
A59: Subtotal | I59: =SUM(I53:I58) -> 35934015 | L59: =++ROUND(J59,0) -> 0
B60: 5.2 | E60: GRAVILLA | L60: =++ROUND(J60,0) -> 0
A61: 30 | B61: 5.2.1 | C61: Ref. Precio EPC | E61: GRAVA | F61: M3 | G61: =+'PRESUPUESTO OFICIAL AGUAS DORAD'!G61+'PRESUPUESTO OFICIAL EL DESTINO'!G61+'PRESUPUESTO LAS MARGARITAS'!G61 -> 21 | H61: 217037 | I61: =+ROUND((L61*G61),0) -> 5941068 | J61: =+H61*$J$9 -> 282907.73 | L61: =++ROUND(J61,0) -> 282908
A62: 31 | B62: 5.2.2 | C62: Ref. Precio EPC | E62: TRITURADO | F62: M3 | G62: =+'PRESUPUESTO OFICIAL AGUAS DORAD'!G62+'PRESUPUESTO OFICIAL EL DESTINO'!G62+'PRESUPUESTO LAS MARGARITAS'!G62 -> 21 | H62: 108177 | I62: =+ROUND((L62*G62),0) -> 2961189 | J62: =+H62*$J$9 -> 141008.72 | L62: =++ROUND(J62,0) -> 141009
A63: Subtotal | I63: =SUM(I61:I62) -> 8902257 | L63: =++ROUND(J63,0) -> 0
B64: 5.3 | E64: OBRAS DE PROTECCIÓN (SUMINISTRO Y COLOCACIÓN). | L64: =++ROUND(J64,0) -> 0
A65: 32 | B65: 5.3.1 | C65: Ref. Precio EPC | E65: ENROCADO DE PROTECCIÓN (PIEDRA Y CONCRETO DE 17.2 MPA (2500 PSI)) | F65: M3 | G65: =+'PRESUPUESTO OFICIAL AGUAS DORAD'!G65+'PRESUPUESTO OFICIAL EL DESTINO'!G65+'PRESUPUESTO LAS MARGARITAS'!G65 -> 24 | H65: 730250 | I65: =+ROUND((L65*G65),0) -> 22845144 | J65: =+H65*$J$9 -> 951880.88 | L65: =++ROUND(J65,0) -> 951881
A66: 33 | B66: 5.3.2 | C66: Ref. Precio EPC | E66: GAVIONES (INCLUYE, FORMALETA, MALLA Y PIEDRA) Y MANO DE OBRA | F66: M3 | G66: =+'PRESUPUESTO OFICIAL AGUAS DORAD'!G66+'PRESUPUESTO OFICIAL EL DESTINO'!G66+'PRESUPUESTO LAS MARGARITAS'!G66 -> 19 | H66: 301190 | I66: =+ROUND((L66*G66),0) -> 7459419 | J66: =+H66*$J$9 -> 392601.17 | L66: =++ROUND(J66,0) -> 392601
A67: Subtotal | I67: =SUM(I65:I66) -> 30304563 | L67: =++ROUND(J67,0) -> 0
B68: 5.4 | E68: TERRAPLÉN | L68: =++ROUND(J68,0) -> 0
A69: 34 | B69: 5.4.1 | C69: Ref. Precio EPC | E69: BOLSACRETOS (INCLUYE, BOLSACRETO TIPO 1101 (1.20X2.40 1 M3), CONCRETO 13,8 MPA (2000 PSI), ANCLAJES Y M.O) | F69: UN | G69: =+'PRESUPUESTO OFICIAL AGUAS DORAD'!G69+'PRESUPUESTO OFICIAL EL DESTINO'!G69+'PRESUPUESTO LAS MARGARITAS'!G69 -> 30 | H69: 599576 | I69: =+ROUND((L69*G69),0) -> 23446410 | J69: =+H69*$J$9 -> 781547.32 | L69: =++ROUND(J69,0) -> 781547
A70: 35 | B70: 5.4.2 | C70: Ref. Precio EPC | E70: BOLSASUELOS EN POLIETILENO. CAPACIDAD 1 M3 INCLUYE LLENADO CON MATERIAL SELECCIONADO DE OBRA | F70: UN | G70: =+'PRESUPUESTO OFICIAL AGUAS DORAD'!G70+'PRESUPUESTO OFICIAL EL DESTINO'!G70+'PRESUPUESTO LAS MARGARITAS'!G70 -> 20 | H70: 30880 | I70: =+ROUND((L70*G70),0) -> 805040 | J70: =+H70*$J$9 -> 40252.08 | L70: =++ROUND(J70,0) -> 40252
A71: Subtotal | I71: =SUM(I69:I70) -> 24251450 | L71: =++ROUND(J71,0) -> 0
B72: 6 | E72: CARGUE Y RETIRO DE SOBRANTES | L72: =++ROUND(J72,0) -> 0
A73: 36 | B73: 6.1.1 | C73: Ref. Precio EPC | E73: CARGUE Y RETIRO DE SOBRANTES (HASTA 5 KM) INCLUYE DERECHOS DE BOTADERO | F73: M3 | G73: =+'PRESUPUESTO OFICIAL AGUAS DORAD'!G73+'PRESUPUESTO OFICIAL EL DESTINO'!G73+'PRESUPUESTO LAS MARGARITAS'!G73 -> 42 | H73: 28399 | I73: =+ROUND((L73*G73),0) -> 1554756 | J73: =+H73*$J$9 -> 37018.096 | L73: =++ROUND(J73,0) -> 37018
A74: 37 | B74: 6.1.2 | C74: Ref. Precio EPC | E74: TRANSPORTE DE SOBRANTES (NO INCLUYE CARGUE NI DERECHOS BOTADERO) | F74: M3/KM | G74: =+'PRESUPUESTO OFICIAL AGUAS DORAD'!G74+'PRESUPUESTO OFICIAL EL DESTINO'!G74+'PRESUPUESTO LAS MARGARITAS'!G74 -> 42 | H74: 1282 | I74: =+ROUND((L74*G74),0) -> 70182 | J74: =+H74*$J$9 -> 1671.087 | L74: =++ROUND(J74,0) -> 1671
A75: 38 | B75: 7462 | C75: Ref. Precio IDU | E75: Transporte de petreos | F75: M3-KM | G75: =+'PRESUPUESTO OFICIAL AGUAS DORAD'!G75+'PRESUPUESTO OFICIAL EL DESTINO'!G75+'PRESUPUESTO LAS MARGARITAS'!G75 -> 111.875 | H75: 1800 | I75: =+ROUND((L75*G75),0) -> 262459 | J75: =+H75*$J$9 -> 2346.3 | L75: =++ROUND(J75,0) -> 2346
A76: 39 | B76: 11.1 | C76: Ref. Precio INVIAS | E76: Transporte de tubería, prefabricados, acero y cemento | F76: TN-KM | G76: =+'PRESUPUESTO OFICIAL AGUAS DORAD'!G76+'PRESUPUESTO OFICIAL EL DESTINO'!G76+'PRESUPUESTO LAS MARGARITAS'!G76 -> 50 | H76: 58912 | I76: =+ROUND((L76*G76),0) -> 3839600 | J76: =+H76*$J$9 -> 76791.792 | L76: =++ROUND(J76,0) -> 76792
A77: 40 | B77: 2.07.10 | C77: Ref. Precio GB | E77: Transporte de carga mular hasta 4 km | F77: Carga | G77: =+'PRESUPUESTO OFICIAL AGUAS DORAD'!G77+'PRESUPUESTO OFICIAL EL DESTINO'!G77+'PRESUPUESTO LAS MARGARITAS'!G77 -> 32 | H77: 123980 | I77: =+ROUND((L77*G77),0) -> 5171456 | J77: =+H77*$J$9 -> 161607.93 | L77: =++ROUND(J77,0) -> 161608
A78: Subtotal | I78: =SUM(I73:I77) -> 10898453 | L78: =++ROUND(J78,0) -> 0
B79: 7 | E79: CONDUCCIONES Y REDES DE ACUEDUCTO | L79: =++ROUND(J79,0) -> 0
B80: 7.1 | E80: INSTALACIÓN TUBERÍAS PVC PRESIÓN SOLDAR. | L80: =++ROUND(J80,0) -> 0
A81: 41 | B81: 10481 | C81: Ref. Precio IDRD | D81: APU FDLU | E81: Suministro e intalación Tuberia PVC d=1/2" RDE13.5 ** | F81: ML | G81: =+'PRESUPUESTO OFICIAL AGUAS DORAD'!G81+'PRESUPUESTO OFICIAL EL DESTINO'!G81+'PRESUPUESTO LAS MARGARITAS'!G81 -> 35 | H81: 3525 | I81: =+ROUND((L81*G81),0) -> 160825 | J81: =+H81*$J$9 -> 4594.8375 | L81: =++ROUND(J81,0) -> 4595
A82: 42 | B82: 10579 | C82: Ref. Precio IDRD | D82: APU FDLU | E82: Suministro e intalación Tuberia PVC d=3/4" RDE21 ** | F82: ML | G82: =+'PRESUPUESTO OFICIAL AGUAS DORAD'!G82+'PRESUPUESTO OFICIAL EL DESTINO'!G82+'PRESUPUESTO LAS MARGARITAS'!G82 -> 35 | H82: 3544 | I82: =+ROUND((L82*G82),0) -> 161700 | J82: =+H82*$J$9 -> 4619.604 | L82: =++ROUND(J82,0) -> 4620
A83: 43 | B83: 15139 | C83: Ref. Precio IDRD | D83: APU FDLU | E83: Suministro e intalación Tuberia PVC. 1 " RDE 21 ** | F83: ML | G83: =+'PRESUPUESTO OFICIAL AGUAS DORAD'!G83+'PRESUPUESTO OFICIAL EL DESTINO'!G83+'PRESUPUESTO LAS MARGARITAS'!G83 -> 50 | H83: 3559 | I83: =+ROUND((L83*G83),0) -> 231950 | J83: =+H83*$J$9 -> 4639.1565 | L83: =++ROUND(J83,0) -> 4639
A84: 44 | B84: 6257 | C84: Ref. Precio IDRD | D84: APU FDLU | E84: Suministro e intalación Tuberia PVC. d=2" RDE21 | F84: ML | G84: =+'PRESUPUESTO OFICIAL AGUAS DORAD'!G84+'PRESUPUESTO OFICIAL EL DESTINO'!G84+'PRESUPUESTO LAS MARGARITAS'!G84 -> 60 | H84: 19650 | I84: =+ROUND((L84*G84),0) -> 1536840 | J84: =+H84*$J$9 -> 25613.775 | L84: =++ROUND(J84,0) -> 25614
A85: 45 | B85: 6258 | C85: Ref. Precio IDRD | D85: APU FDLU | E85: Suministro e intalación Tuberia PVC. d=2 1/2" RDE21 *** | F85: ML | G85: =+'PRESUPUESTO OFICIAL AGUAS DORAD'!G85+'PRESUPUESTO OFICIAL EL DESTINO'!G85+'PRESUPUESTO LAS MARGARITAS'!G85 -> 45 | H85: 29250 | I85: =+ROUND((L85*G85),0) -> 1715715 | J85: =+H85*$J$9 -> 38127.375 | L85: =++ROUND(J85,0) -> 38127
A86: 46 | B86: 6259 | C86: Ref. Precio IDRD | D86: APU FDLU | E86: Suministro e intalación Tuberia PVC. d=3" RDE 21 ** | F86: ML | G86: =+'PRESUPUESTO OFICIAL AGUAS DORAD'!G86+'PRESUPUESTO OFICIAL EL DESTINO'!G86+'PRESUPUESTO LAS MARGARITAS'!G86 -> 45 | H86: 51431 | I86: =+ROUND((L86*G86),0) -> 3016800 | J86: =+H86*$J$9 -> 67040.308 | L86: =++ROUND(J86,0) -> 67040
A87: 47 | B87: 6260 | C87: Ref. Precio IDRD | D87: APU FDLU | E87: Suministro e intalación Tuberia PVC. RDE 21 d=4" ** | F87: ML | G87: =+'PRESUPUESTO OFICIAL AGUAS DORAD'!G87+'PRESUPUESTO OFICIAL EL DESTINO'!G87+'PRESUPUESTO LAS MARGARITAS'!G87 -> 45 | H87: 64984 | I87: =+ROUND((L87*G87),0) -> 3811815 | J87: =+H87*$J$9 -> 84706.644 | L87: =++ROUND(J87,0) -> 84707
A88: 48 | B88: 6261 | C88: Ref. Precio IDRD | D88: APU FDLU | E88: Suministro e intalación Tuberia PVC. RDE 21 d=6" ** | F88: ML | G88: =+'PRESUPUESTO OFICIAL AGUAS DORAD'!G88+'PRESUPUESTO OFICIAL EL DESTINO'!G88+'PRESUPUESTO LAS MARGARITAS'!G88 -> 50 | H88: 133504 | I88: =+ROUND((L88*G88),0) -> 8701100 | J88: =+H88*$J$9 -> 174022.46 | L88: =++ROUND(J88,0) -> 174022
A89: Subtotal | I89: =SUM(I81:I88) -> 19336745 | L89: =++ROUND(J89,0) -> 0
B90: 7.2 | E90: INSTALACIÓN ACCESORIOS PVC PRESIÓN | L90: =++ROUND(J90,0) -> 0
A91: 49 | B91: 7.2.1 | C91: Ref. Precio EPC | E91: INSTALACIÓN ACCESORIO PVC SOLDAR D=1/2" | F91: UN | G91: =+'PRESUPUESTO OFICIAL AGUAS DORAD'!G91+'PRESUPUESTO OFICIAL EL DESTINO'!G91+'PRESUPUESTO LAS MARGARITAS'!G91 -> 25 | H91: 4074 | I91: =+ROUND((L91*G91),0) -> 132750 | J91: =+H91*$J$9 -> 5310.459 | L91: =++ROUND(J91,0) -> 5310
A92: 50 | B92: 7.2.2 | C92: Ref. Precio EPC | E92: INSTALACIÓN ACCESORIO PVC SOLDAR D=3/4" | F92: UN | G92: =+'PRESUPUESTO OFICIAL AGUAS DORAD'!G92+'PRESUPUESTO OFICIAL EL DESTINO'!G92+'PRESUPUESTO LAS MARGARITAS'!G92 -> 25 | H92: 4344 | I92: =+ROUND((L92*G92),0) -> 141550 | J92: =+H92*$J$9 -> 5662.404 | L92: =++ROUND(J92,0) -> 5662
A93: Subtotal | I93: =SUM(I91:I92) -> 274300 | L93: =++ROUND(J93,0) -> 0
B94: 7.3 | E94: INSTALACIÓN TUBERÍA PVC UNIÓN MECÁNICA. | L94: =++ROUND(J94,0) -> 0
A95: 51 | B95: 11903 | C95: Ref. Precio IDU | E95: UNIÓN CPVC TIPO U.S.Ø 1/2". SUMINISTRO E INSTALACIÓN. | F95: UN | G95: =+'PRESUPUESTO OFICIAL AGUAS DORAD'!G95+'PRESUPUESTO OFICIAL EL DESTINO'!G95+'PRESUPUESTO LAS MARGARITAS'!G95 -> 27 | H95: 1689 | I95: =+ROUND((L95*G95),0) -> 59454 | J95: =+H95*$J$9 -> 2201.6115 | L95: =++ROUND(J95,0) -> 2202
A96: 52 | B96: 11904 | C96: Ref. Precio IDU | E96: UNIÓN CPVC TIPO U.S. Ø 3/4". SUMINISTRO E INSTALACIÓN. | F96: UN | G96: =+'PRESUPUESTO OFICIAL AGUAS DORAD'!G96+'PRESUPUESTO OFICIAL EL DESTINO'!G96+'PRESUPUESTO LAS MARGARITAS'!G96 -> 27 | H96: 2493 | I96: =+ROUND((L96*G96),0) -> 87750 | J96: =+H96*$J$9 -> 3249.6255 | L96: =++ROUND(J96,0) -> 3250
A97: 53 | B97: 11951 | C97: Ref. Precio IDU | E97: UNIÓN BRIDA x ACOPLE UNIVERSAL 3"(SUMINISTRO E INSTALACIÓN). | F97: UN | G97: =+'PRESUPUESTO OFICIAL AGUAS DORAD'!G97+'PRESUPUESTO OFICIAL EL DESTINO'!G97+'PRESUPUESTO LAS MARGARITAS'!G97 -> 6 | H97: 182070 | I97: =+ROUND((L97*G97),0) -> 1423968 | J97: =+H97*$J$9 -> 237328.25 | L97: =++ROUND(J97,0) -> 237328
A98: 54 | B98: 11952 | C98: Ref. Precio IDU | E98: UNIÓN BRIDA x ACOPLE UNIVERSAL 4"(SUMINISTRO E INSTALACIÓN). | F98: UN | G98: =+'PRESUPUESTO OFICIAL AGUAS DORAD'!G98+'PRESUPUESTO OFICIAL EL DESTINO'!G98+'PRESUPUESTO LAS MARGARITAS'!G98 -> 6 | H98: 199920 | I98: =+ROUND((L98*G98),0) -> 1563576 | J98: =+H98*$J$9 -> 260595.72 | L98: =++ROUND(J98,0) -> 260596
A99: Subtotal | I99: =SUM(I95:I98) -> 3134748 | L99: =++ROUND(J99,0) -> 0
B100: 7.4 | E100: INSTALACIÓN ACCESORIOS PVC UNIÓN MECÁNICA | L100: =++ROUND(J100,0) -> 0
A101: 55 | B101: 7.4.1 | C101: Ref. Precio EPC | E101: INSTALACIÓN ACCESORIO PVC UNIÓN MECÁNICA D=2" | F101: UN | G101: =+'PRESUPUESTO OFICIAL AGUAS DORAD'!G101+'PRESUPUESTO OFICIAL EL DESTINO'!G101+'PRESUPUESTO LAS MARGARITAS'!G101 -> 11 | H101: 3988 | I101: =+ROUND((L101*G101),0) -> 57178 | J101: =+H101*$J$9 -> 5198.358 | L101: =++ROUND(J101,0) -> 5198
A102: 56 | B102: 7.4.2 | C102: Ref. Precio EPC | E102: INSTALACIÓN ACCESORIO PVC UNIÓN MECÁNICA D=2 1/2" | F102: UN | G102: =+'PRESUPUESTO OFICIAL AGUAS DORAD'!G102+'PRESUPUESTO OFICIAL EL DESTINO'!G102+'PRESUPUESTO LAS MARGARITAS'!G102 -> 11 | H102: 3991 | I102: =+ROUND((L102*G102),0) -> 57222 | J102: =+H102*$J$9 -> 5202.2685 | L102: =++ROUND(J102,0) -> 5202
A103: 57 | B103: 7.4.3 | C103: Ref. Precio EPC | E103: INSTALACIÓN ACCESORIO PVC UNIÓN MECÁNICA D=3" | F103: UN | G103: =+'PRESUPUESTO OFICIAL AGUAS DORAD'!G103+'PRESUPUESTO OFICIAL EL DESTINO'!G103+'PRESUPUESTO LAS MARGARITAS'!G103 -> 12 | H103: 3994 | I103: =+ROUND((L103*G103),0) -> 62472 | J103: =+H103*$J$9 -> 5206.179 | L103: =++ROUND(J103,0) -> 5206
...

Sheet PRESUPUESTO OFICIAL AGUAS DORAD
A2: Formulario 1 - Propuesta económica - Documento tipo de licitación de obra pública de agua potable y saneamiento básico | D2: ALCALDIA LOCAL DE USME REALIZAR POR EL SISTEMA DE PRECIOS UNITARIOS FIJOS SIN FORMULA DE REAJUSTE Y HASTA MONTO AGOTABLE, LA CONSERVACIÓN, Y LAS OBRAS REQUERIDAS PARA LA OPTIMIZACION Y MEJORAMIENTO DE LOS ACUEDUCTOS VEREDALES EN LA LOCALIDAD DE USME
A3: Código | B3: CCE-EICP-FM-47 | C3: 1
A4: FORMULARIO 1
A5: PRESUPUESTO OFICIAL
A8: Nº | B8: ÍTEM DE PAGO | C8: ESPECIFICACIONES | E8: DESCRIPCIÓN | F8: UND. | G8: CANTIDAD | H8: VALOR UNITARIO | I8: VALOR TOTAL | J8: VALOR UN. INC. A.I.U 29,21%
C9: GENERAL | D9: PARTICULAR | J9: 1.3035
B10: 1 | E10: OBRAS PRELIMINARES
B11: 1.1 | E11: ACTIVIDADES PRELIMINARES
A12: 1 | B12: 1.1.1 | C12: Ref. Precio EPC | E12: LOCALIZACIÓN Y REPLANTEO REDES | F12: ML | G12: 126.37193 | H12: 12426 | I12: =+J12*G12 -> 2046882.9 | J12: =+H12*J9 -> 16197.291
A13: 2 | B13: 1.1.2 | C13: Ref. Precio EPC | E13: LOCALIZACIÓN Y REPLANTEO ESTRUCTURAS | F13: M2 | G13: 1 | H13: 15249 | I13: =+J13*G13 -> 19877.072 | J13: =+H13*J9 -> 19877.072
A14: 2 | B14: 1.1.3 | C14: Ref. Precio EPC | E14: MANEJO DE AGUAS EN ZANJA, CUALQUIER ANCHO. | F14: ML | G14: 10 | H14: 11382 | I14: =+J14*G14 -> 148364.37 | J14: =+H14*J9 -> 14836.437 | L14: 300 | M14: 0.3
A15: 3 | B15: 1.1.4 | C15: Ref. Precio EPC | E15: DESVIACIÓN DE CAUCE ENTRE 0 A 1 M | F15: ML | G15: 10 | H15: 48825 | I15: =+J15*G15 -> 636433.88 | J15: =+H15*J9 -> 63643.388 | M15: =+L14*M14 -> 90
A16: 4 | B16: 1.1.5 | C16: Ref. Precio EPC | E16: DESVIACIÓN DE CAUCE ENTRE 1 A 3 M | F16: ML | G16: 10 | H16: 61031 | I16: =+J16*G16 -> 795539.09 | J16: =+H16*J9 -> 79553.909
A17: Subtotal | I17: =SUM(I12:I16) -> 3647097.3
B18: 2 | E18: DEMOLICIONES, DESMONTE Y DESCAPOTE
B19: 2.1 | E19: DEMOLICIONES
A20: 5 | B20: 2.1.1 | C20: Ref. Precio EPC | E20: DEMOLICIÓN DE ESTRUCTURAS EN CONCRETO | F20: M3 | G20: 1 | H20: 121340 | I20: =+J20*G20 -> 158166.69 | J20: =+H20*J9 -> 158166.69
A21: 6 | B21: 2.1.2 | C21: Ref. Precio EPC | E21: DEMOLICIÓN DE PAVIMENTO FLEXIBLE (INCLUYE CORTE A MÁQUINA 2 COSTADOS) | F21: M3 | G21: 1 | H21: 110429 | I21: =+J21*G21 -> 143944.2 | J21: =+H21*J9 -> 143944.2
A22: 7 | B22: 2.1.2 | C22: Ref. Precio EPC | E22: DEMOLICIÓN CAJAS DE INSPECCIÓN | F22: UN | G22: 2 | H22: 74832 | I22: =+J22*G22 -> 195087.02 | J22: =+H22*J9 -> 97543.512
A23: 8 | B23: 2.1.4 | C23: Ref. Precio EPC | E23: DEMOLICIÓN DE PAVIMENTO RÍGIDO (INCLUYE CORTE A MÁQUINA 2 COSTADOS) | F23: M3 | G23: 1 | H23: 128491 | I23: =+J23*G23 -> 167488.02 | J23: =+H23*J9 -> 167488.02
A24: 9 | B24: 2.1.3 | C24: Ref. Precio EPC | E24: DEMOLICIÓN DE ANDENES Y SARDINELES (INCLUYE CORTE A MÁQUINA 2 COSTADOS) | F24: M3 | G24: 1 | H24: 76623 | I24: =+J24*G24 -> 99878.081 | J24: =+H24*J9 -> 99878.081
A25: 10 | B25: 2.1.4 | C25: Ref. Precio EPC | E25: DESCAPOTE MANUAL Y RETIRO E= 0.20 M APILE A 15 M | F25: M2 | G25: =+G88*0.6 -> 12 | H25: 11042 | I25: =+J25*G25 -> 172718.96 | J25: =+H25*J9 -> 14393.247
A26: 11 | B26: 2.1.5 | C26: Ref. Precio EPC | E26: DESMONTE Y LIMPIEZA (CON RETIRO) | F26: M2 | G26: 20 | H26: 30516 | I26: =+J26*G26 -> 795552.12 | J26: =+H26*J9 -> 39777.606
A27: Subtotal | I27: =SUM(I20:I26) -> 1732835.1
B28: 4 | E28: EXCAVACIONES, NO INCLUYE CARGUE NI TRANSPORTE
B29: 4.1 | E29: EXCAVACIONES MANUAL EN TIERRA
A30: 12 | B30: 4.1.1 | C30: Ref. Precio EPC | E30: EXCAVACIONES MANUAL EN TIERRA DE 0 A 2 M DE PROFUNDIDAD | F30: M3 | G30: =+(G88*1.3)*0.6*1 -> 15.6 | H30: 61280 | I30: =+J30*G30 -> 1246104.3 | J30: =+H30*J9 -> 79878.48
A31: 13 | B31: 4.1.2 | C31: Ref. Precio EPC | E31: EXCAVACIONES MANUAL EN TIERRA DE 2 A 4 M DE PROFUNDIDAD | F31: M3 | G31: 1 | H31: 54933 | I31: =+J31*G31 -> 71605.166 | J31: =+H31*J9 -> 71605.166
A32: 14 | B32: 4.1.2 | C32: Ref. Precio EPC | E32: EXCAVACIONES MANUAL EN TIERRA A PROFUNDIDADES MAYORES DE 4 M | F32: M3 | G32: 7 | H32: 70628 | I32: =+J32*G32 -> 644445.19 | J32: =+H32*J9 -> 92063.598
A33: Subtotal | I33: =SUM(I30:I32) -> 1962154.6
B34: 4.2 | E34: EXCAVACIONES MANUAL EN CONGLOMERADO
A35: 15 | B35: 4.2.1 | C35: Ref. Precio EPC | E35: EXCAVACIONES MANUAL EN CONGLOMERADO DE 0 A 2 M DE PROFUNDIDAD | F35: M3 | G35: 7 | H35: 71367 | I35: =+J35*G35 -> 651188.19 | J35: =+H35*J9 -> 93026.885
A36: 16 | B36: 4.2.2 | C36: Ref. Precio EPC | E36: EXCAVACIONES MANUAL EN CONGLOMERADO DE 2 A 4 M DE PROFUNDIDAD | F36: M3 | G36: 7 | H36: 61800 | I36: =+J36*G36 -> 563894.1 | J36: =+H36*$J$9 -> 80556.3
A37: 17 | B37: 4.2.3 | C37: Ref. Precio EPC | E37: EXCAVACIONES MANUAL EN CONGLOMERADO A PROFUNDIDADES MAYORES DE 4M | F37: M3 | G37: 7 | H37: 84000 | I37: =+J37*G37 -> 766458 | J37: =+H37*$J$9 -> 109494
A38: Subtotal | I38: =SUM(I35:I37) -> 1981540.3
B39: 4.3 | E39: EXCAVACIÓN MECÁNICA A CUALQUIER PROFUNDIDAD
A40: 18 | B40: 4.3.1 | C40: Ref. Precio EPC | E40: EXCAVACIÓN MECÁNICA A CUALQUIER PROFUNDIDAD | F40: M3 | G40: 7 | H40: 10185 | I40: =+J40*G40 -> 92933.033 | J40: =+H40*$J$9 -> 13276.148
A41: Subtotal | I41: =SUM(I40) -> 92933.033
B42: 4.4 | E42: EXCAVACIÓN EN ROCA
A43: 19 | B43: 4.4.1 | C43: Ref. Precio EPC | E43: EXCAVACIÓN MECÁNICA EN ROCA, EN SECO, SIN EXPLOSIVOS | F43: M3 | G43: =7*1.5 -> 10.5 | H43: 145580 | I43: =+J43*G43 -> 1992517.1 | J43: =+H43*$J$9 -> 189763.53
A44: Subtotal | I44: =SUM(I43) -> 1992517.1
B45: 4.5 | E45: ENTIBADOS
A46: 20 | B46: 4.5.1 | C46: Ref. Precio EPC | E46: ENTIBADO TIPO 1 (APUNTALAMIENTO EN MADERA) | F46: M2 | G46: 10 | H46: 37751 | I46: =+J46*G46 -> 492084.29 | J46: =+H46*$J$9 -> 49208.429
A47: 21 | B47: 4.5.2 | C47: Ref. Precio EPC | E47: ENTIBADO TIPO 1A (DISCONTINUO EN MADERA) | F47: M2 | G47: 10 | H47: 20019 | I47: =+J47*G47 -> 260947.67 | J47: =+H47*$J$9 -> 26094.767
A48: 22 | B48: 4.5.3 | C48: Ref. Precio EPC | E48: ENTIBADO TIPO 2 (CONTINUO EN MADERA) | F48: M2 | G48: 10 | H48: 36776 | I48: =+J48*G48 -> 479375.16 | J48: =+H48*$J$9 -> 47937.516
A49: 23 | B49: 4.5.4 | C49: Ref. Precio EPC | E49: ENTIBADO TIPO 3 (METÁLICO) | F49: M2 | G49: 10 | H49: 45620 | I49: =+J49*G49 -> 594656.7 | J49: =+H49*$J$9 -> 59465.67
A50: Subtotal | I50: =SUM(I46:I49) -> 1827063.8
B51: 5 | E51: RELLENOS
B52: 5.1 | E52: RELLENOS
A53: 24 | B53: 5.1.1 | C53: Ref. Precio EPC | E53: RELLENO CON MATERIAL SELECCIONADO PROCEDENTE DE LA EXCAVACIÓN | F53: M3 | G53: =+G88*0.3*0.6 -> 3.6 | H53: 26934 | I53: =+J53*G53 -> 126390.49 | J53: =+H53*$J$9 -> 35108.469
A54: 25 | B54: 5.1.2 | C54: Ref. Precio EPC | E54: RECEBO COMÚN COMPACTADO MECÁNICAMENTE (RANA) | F54: M3 | G54: =+G88*0.3*0.6 -> 3.6 | H54: 87333 | I54: =+J54*G54 -> 409818.84 | J54: =+H54*$J$9 -> 113838.57
A55: 26 | B55: 5.1.3 | C55: Ref. Precio EPC | E55: RECEBO COMÚN COMPACTADO MECÁNICAMENTE (VIBRO COMPACTADOR) | F55: M3 | G55: 7 | H55: 61513 | I55: =+J55*G55 -> 561275.37 | J55: =+H55*$J$9 -> 80182.196
A56: 27 | B56: 5.1.4 | C56: Ref. Precio EPC | E56: SUBBASE GRANULAR TIPO 320.1-07 (NORMA INVÍAS) | F56: M3 | G56: 7 | H56: 236411 | I56: =+J56*G56 -> 2157132.2 | J56: =+H56*$J$9 -> 308161.74
A57: 28 | B57: 5.1.5 | C57: Ref. Precio EPC | E57: BASE GRANULAR TIPO INV 330.1-07 (NORMA INVIAS) | F57: M3 | G57: 7 | H57: 139696 | I57: =+J57*G57 -> 1274656.2 | J57: =+H57*$J$9 -> 182093.74
A58: 29 | B58: 5.1.3 | C58: Ref. Precio EPC | E58: ARENA DE PEÑA PARA SOPORTE DE TUBERÍA | F58: M3 | G58: =+(G88*0.4*0.6)-1 -> 3.8 | H58: 183224 | I58: =+J58*G58 -> 907563.44 | J58: =+H58*$J$9 -> 238832.48
A59: Subtotal | I59: =SUM(I53:I58) -> 5436836.5
B60: 5.2 | E60: GRAVILLA
A61: 30 | B61: 5.2.1 | C61: Ref. Precio EPC | E61: GRAVA | F61: M3 | G61: 7 | H61: 217037 | I61: =+J61*G61 -> 1980354.1 | J61: =+H61*$J$9 -> 282907.73
A62: 31 | B62: 5.2.2 | C62: Ref. Precio EPC | E62: TRITURADO | F62: M3 | G62: 7 | H62: 108177 | I62: =+J62*G62 -> 987061.04 | J62: =+H62*$J$9 -> 141008.72
A63: Subtotal | I63: =SUM(I61:I62) -> 2967415.1
B64: 5.3 | E64: OBRAS DE PROTECCIÓN (SUMINISTRO Y COLOCACIÓN).
A65: 32 | B65: 5.3.1 | C65: Ref. Precio EPC | E65: ENROCADO DE PROTECCIÓN (PIEDRA Y CONCRETO DE 17.2 MPA (2500 PSI)) | F65: M3 | G65: 7 | H65: 730250 | I65: =+J65*G65 -> 6663166.1 | J65: =+H65*$J$9 -> 951880.88
A66: 33 | B66: 5.3.2 | C66: Ref. Precio EPC | E66: GAVIONES (INCLUYE, FORMALETA, MALLA Y PIEDRA) Y MANO DE OBRA | F66: M3 | G66: 7 | H66: 301190 | I66: =+J66*G66 -> 2748208.2 | J66: =+H66*$J$9 -> 392601.17
A67: Subtotal | I67: =SUM(I65:I66) -> 9411374.3
B68: 5.4 | E68: TERRAPLÉN
A69: 34 | B69: 5.4.1 | C69: Ref. Precio EPC | E69: BOLSACRETOS (INCLUYE, BOLSACRETO TIPO 1101 (1.20X2.40 1 M3), CONCRETO 13,8 MPA (2000 PSI), ANCLAJES Y M.O) | F69: UN | G69: 5 | H69: 599576 | I69: =+J69*G69 -> 3907736.6 | J69: =+H69*$J$9 -> 781547.32
A70: 35 | B70: 5.4.2 | C70: Ref. Precio EPC | E70: BOLSASUELOS EN POLIETILENO. CAPACIDAD 1 M3 INCLUYE LLENADO CON MATERIAL SELECCIONADO DE OBRA | F70: UN | G70: 5 | H70: 30880 | I70: =+J70*G70 -> 201260.4 | J70: =+H70*$J$9 -> 40252.08
A71: Subtotal | I71: =SUM(I69:I70) -> 4108997
B72: 6 | E72: CARGUE Y RETIRO DE SOBRANTES
A73: 36 | B73: 6.1.1 | C73: Ref. Precio EPC | E73: CARGUE Y RETIRO DE SOBRANTES (HASTA 5 KM) INCLUYE DERECHOS DE BOTADERO | F73: M3 | G73: =7*2 -> 14 | H73: 28399 | I73: =+J73*G73 -> 518253.35 | J73: =+H73*$J$9 -> 37018.096
A74: 37 | B74: 6.1.2 | C74: Ref. Precio EPC | E74: TRANSPORTE DE SOBRANTES (NO INCLUYE CARGUE NI DERECHOS BOTADERO) | F74: M3/KM | G74: =+G73 -> 14 | H74: 1282 | I74: =+J74*G74 -> 23395.218 | J74: =+H74*$J$9 -> 1671.087
A75: 38 | B75: 7462 | C75: Ref. Precio IDU | E75: Transporte de petreos | F75: M3-KM | G75: =+G30-G53 -> 12 | H75: 1800 | I75: =+J75*G75 -> 28155.6 | J75: =+H75*$J$9 -> 2346.3
A76: 39 | B76: 11.1 | C76: Ref. Precio INVIAS | E76: Transporte de tubería, prefabricados, acero y cemento | F76: TN-KM | G76: 15 | H76: 58912 | I76: =+J76*G76 -> 1151876.9 | J76: =+H76*$J$9 -> 76791.792
A77: 40 | B77: 2.07.10 | C77: Ref. Precio GB | E77: Transporte de carga mular hasta 4 km | F77: Carga | G77: 1 | H77: 123980 | I77: =+J77*G77 -> 161607.93 | J77: =+H77*$J$9 -> 161607.93
A78: Subtotal | I78: =SUM(I73:I77) -> 1883289
B79: 7 | E79: CONDUCCIONES Y REDES DE ACUEDUCTO
B80: 7.1 | E80: INSTALACIÓN TUBERÍAS PVC PRESIÓN SOLDAR.
A81: 41 | B81: 10481 | C81: Ref. Precio IDRD | D81: APU FDLU | E81: Suministro e intalación Tuberia PVC d=1/2" RDE13.5 ** | F81: ML | G81: 15 | H81: 3525 | I81: =+J81*G81 -> 68922.563 | J81: =+H81*$J$9 -> 4594.8375
A82: 42 | B82: 10579 | C82: Ref. Precio IDRD | D82: APU FDLU | E82: Suministro e intalación Tuberia PVC d=3/4" RDE21 ** | F82: ML | G82: 15 | H82: 3544 | I82: =+J82*G82 -> 69294.06 | J82: =+H82*$J$9 -> 4619.604
A83: 43 | B83: 15139 | C83: Ref. Precio IDRD | D83: APU FDLU | E83: Suministro e intalación Tuberia PVC. 1 " RDE 21 ** | F83: ML | G83: 20 | H83: 3559 | I83: =+J83*G83 -> 92783.13 | J83: =+H83*$J$9 -> 4639.1565
A84: 44 | B84: 6257 | C84: Ref. Precio IDRD | D84: APU FDLU | E84: Suministro e intalación Tuberia PVC. d=2" RDE21 | F84: ML | G84: 30 | H84: 19650 | I84: =+J84*G84 -> 768413.25 | J84: =+H84*$J$9 -> 25613.775
A85: 45 | B85: 6258 | C85: Ref. Precio IDRD | D85: APU FDLU | E85: Suministro e intalación Tuberia PVC. d=2 1/2" RDE21 *** | F85: ML | G85: 15 | H85: 29250 | I85: =+J85*G85 -> 571910.62 | J85: =+H85*$J$9 -> 38127.375
A86: 46 | B86: 6259 | C86: Ref. Precio IDRD | D86: APU FDLU | E86: Suministro e intalación Tuberia PVC. d=3" RDE 21 ** | F86: ML | G86: 15 | H86: 51431 | I86: =+J86*G86 -> 1005604.6 | J86: =+H86*$J$9 -> 67040.308
A87: 47 | B87: 6260 | C87: Ref. Precio IDRD | D87: APU FDLU | E87: Suministro e intalación Tuberia PVC. RDE 21 d=4" ** | F87: ML | G87: 15 | H87: 64984 | I87: =+J87*G87 -> 1270599.7 | J87: =+H87*$J$9 -> 84706.644
A88: 48 | B88: 6261 | C88: Ref. Precio IDRD | D88: APU FDLU | E88: Suministro e intalación Tuberia PVC. RDE 21 d=6" ** | F88: ML | G88: 20 | H88: 133504 | I88: =+J88*G88 -> 3480449.3 | J88: =+H88*$J$9 -> 174022.46
A89: Subtotal | I89: =SUM(I81:I88) -> 7327977.2
B90: 7.2 | E90: INSTALACIÓN ACCESORIOS PVC PRESIÓN
A91: 49 | B91: 7.2.1 | C91: Ref. Precio EPC | E91: INSTALACIÓN ACCESORIO PVC SOLDAR D=1/2" | F91: UN | G91: 20 | H91: 4074 | I91: =+J91*G91 -> 106209.18 | J91: =+H91*$J$9 -> 5310.459
A92: 50 | B92: 7.2.2 | C92: Ref. Precio EPC | E92: INSTALACIÓN ACCESORIO PVC SOLDAR D=3/4" | F92: UN | G92: 20 | H92: 4344 | I92: =+J92*G92 -> 113248.08 | J92: =+H92*$J$9 -> 5662.404
A93: Subtotal | I93: =SUM(I91:I92) -> 219457.26
B94: 7.3 | E94: INSTALACIÓN TUBERÍA PVC UNIÓN MECÁNICA.
A95: 51 | B95: 11903 | C95: Ref. Precio IDU | E95: UNIÓN CPVC TIPO U.S.Ø 1/2". SUMINISTRO E INSTALACIÓN. | F95: UN | G95: 20 | H95: 1689 | I95: =+J95*G95 -> 44032.23 | J95: =+H95*$J$9 -> 2201.6115
A96: 52 | B96: 11904 | C96: Ref. Precio IDU | E96: UNIÓN CPVC TIPO U.S. Ø 3/4". SUMINISTRO E INSTALACIÓN. | F96: UN | G96: 20 | H96: 2493 | I96: =+J96*G96 -> 64992.51 | J96: =+H96*$J$9 -> 3249.6255
A97: 53 | B97: 11951 | C97: Ref. Precio IDU | E97: UNIÓN BRIDA x ACOPLE UNIVERSAL 3"(SUMINISTRO E INSTALACIÓN). | F97: UN | G97: 2 | H97: 182070 | I97: =+J97*G97 -> 474656.49 | J97: =+H97*$J$9 -> 237328.25
A98: 54 | B98: 11952 | C98: Ref. Precio IDU | E98: UNIÓN BRIDA x ACOPLE UNIVERSAL 4"(SUMINISTRO E INSTALACIÓN). | F98: UN | G98: 2 | H98: 199920 | I98: =+J98*G98 -> 521191.44 | J98: =+H98*$J$9 -> 260595.72
A99: Subtotal | I99: =SUM(I95:I98) -> 1104872.7
B100: 7.4 | E100: INSTALACIÓN ACCESORIOS PVC UNIÓN MECÁNICA
A101: 55 | B101: 7.4.1 | C101: Ref. Precio EPC | E101: INSTALACIÓN ACCESORIO PVC UNIÓN MECÁNICA D=2" | F101: UN | G101: 5 | H101: 3988 | I101: =+J101*G101 -> 25991.79 | J101: =+H101*$J$9 -> 5198.358
A102: 56 | B102: 7.4.2 | C102: Ref. Precio EPC | E102: INSTALACIÓN ACCESORIO PVC UNIÓN MECÁNICA D=2 1/2" | F102: UN | G102: 5 | H102: 3991 | I102: =+J102*G102 -> 26011.342 | J102: =+H102*$J$9 -> 5202.2685
A103: 57 | B103: 7.4.3 | C103: Ref. Precio EPC | E103: INSTALACIÓN ACCESORIO PVC UNIÓN MECÁNICA D=3" | F103: UN | G103: 5 | H103: 3994 | I103: =+J103*G103 -> 26030.895 | J103: =+H103*$J$9 -> 5206.179
...

Sheet PRESUPUESTO OFICIAL EL DESTINO
A2: Formulario 1 - Propuesta económica - Documento tipo de licitación de obra pública de agua potable y saneamiento básico | D2: ALCALDIA LOCAL DE USME REALIZAR POR EL SISTEMA DE PRECIOS UNITARIOS FIJOS SIN FORMULA DE REAJUSTE Y HASTA MONTO AGOTABLE, LA CONSERVACIÓN, Y LAS OBRAS REQUERIDAS PARA LA OPTIMIZACION Y MEJORAMIENTO DE LOS ACUEDUCTOS VEREDALES EN LA LOCALIDAD DE USME
A3: Código | B3: CCE-EICP-FM-47 | C3: 1
A4: FORMULARIO 1
A5: PRESUPUESTO OFICIAL
A8: Nº | B8: ÍTEM DE PAGO | C8: ESPECIFICACIONES | E8: DESCRIPCIÓN | F8: UND. | G8: CANTIDAD | H8: VALOR UNITARIO | I8: VALOR TOTAL | J8: VALOR UN. INC. A.I.U 29,21%
C9: GENERAL | D9: PARTICULAR | J9: 1.3035
B10: 1 | E10: OBRAS PRELIMINARES
B11: 1.1 | E11: ACTIVIDADES PRELIMINARES
A12: 1 | B12: 1.1.1 | C12: Ref. Precio EPC | E12: LOCALIZACIÓN Y REPLANTEO REDES | F12: ML | G12: 2486.179 | H12: 12426 | I12: =+J12*G12 -> 40269365 | J12: =+H12*J9 -> 16197.291
A13: 2 | B13: 1.1.2 | C13: Ref. Precio EPC | E13: LOCALIZACIÓN Y REPLANTEO ESTRUCTURAS | F13: M2 | G13: 2 | H13: 15249 | I13: =+J13*G13 -> 39754.143 | J13: =+H13*J9 -> 19877.072
A14: 2 | B14: 1.1.3 | C14: Ref. Precio EPC | E14: MANEJO DE AGUAS EN ZANJA, CUALQUIER ANCHO. | F14: ML | G14: 10 | H14: 11382 | I14: =+J14*G14 -> 148364.37 | J14: =+H14*J9 -> 14836.437 | L14: 300 | M14: 0.3
A15: 3 | B15: 1.1.4 | C15: Ref. Precio EPC | E15: DESVIACIÓN DE CAUCE ENTRE 0 A 1 M | F15: ML | G15: 10 | H15: 48825 | I15: =+J15*G15 -> 636433.88 | J15: =+H15*J9 -> 63643.388 | M15: =+L14*M14 -> 90
A16: 4 | B16: 1.1.5 | C16: Ref. Precio EPC | E16: DESVIACIÓN DE CAUCE ENTRE 1 A 3 M | F16: ML | G16: 10 | H16: 61031 | I16: =+J16*G16 -> 795539.09 | J16: =+H16*J9 -> 79553.909
A17: Subtotal | I17: =SUM(I12:I16) -> 41889456
B18: 2 | E18: DEMOLICIONES, DESMONTE Y DESCAPOTE
B19: 2.1 | E19: DEMOLICIONES
A20: 5 | B20: 2.1.1 | C20: Ref. Precio EPC | E20: DEMOLICIÓN DE ESTRUCTURAS EN CONCRETO | F20: M3 | G20: 7 | H20: 121340 | I20: =+J20*G20 -> 1107166.8 | J20: =+H20*J9 -> 158166.69
A21: 6 | B21: 2.1.2 | C21: Ref. Precio EPC | E21: DEMOLICIÓN DE PAVIMENTO FLEXIBLE (INCLUYE CORTE A MÁQUINA 2 COSTADOS) | F21: M3 | G21: 5 | H21: 110429 | I21: =+J21*G21 -> 719721.01 | J21: =+H21*J9 -> 143944.2
A22: 7 | B22: 2.1.2 | C22: Ref. Precio EPC | E22: DEMOLICIÓN CAJAS DE INSPECCIÓN | F22: UN | G22: 5 | H22: 74832 | I22: =+J22*G22 -> 487717.56 | J22: =+H22*J9 -> 97543.512
A23: 8 | B23: 2.1.4 | C23: Ref. Precio EPC | E23: DEMOLICIÓN DE PAVIMENTO RÍGIDO (INCLUYE CORTE A MÁQUINA 2 COSTADOS) | F23: M3 | G23: 5 | H23: 128491 | I23: =+J23*G23 -> 837440.09 | J23: =+H23*J9 -> 167488.02
A24: 9 | B24: 2.1.3 | C24: Ref. Precio EPC | E24: DEMOLICIÓN DE ANDENES Y SARDINELES (INCLUYE CORTE A MÁQUINA 2 COSTADOS) | F24: M3 | G24: 5 | H24: 76623 | I24: =+J24*G24 -> 499390.4 | J24: =+H24*J9 -> 99878.081
A25: 10 | B25: 2.1.4 | C25: Ref. Precio EPC | E25: DESCAPOTE MANUAL Y RETIRO E= 0.20 M APILE A 15 M | F25: M2 | G25: 20 | H25: 11042 | I25: =+J25*G25 -> 287864.94 | J25: =+H25*J9 -> 14393.247
A26: 11 | B26: 2.1.5 | C26: Ref. Precio EPC | E26: DESMONTE Y LIMPIEZA (CON RETIRO) | F26: M2 | G26: 20 | H26: 30516 | I26: =+J26*G26 -> 795552.12 | J26: =+H26*J9 -> 39777.606
A27: Subtotal | I27: =SUM(I20:I26) -> 4734853
B28: 4 | E28: EXCAVACIONES, NO INCLUYE CARGUE NI TRANSPORTE
B29: 4.1 | E29: EXCAVACIONES MANUAL EN TIERRA
A30: 12 | B30: 4.1.1 | C30: Ref. Precio EPC | E30: EXCAVACIONES MANUAL EN TIERRA DE 0 A 2 M DE PROFUNDIDAD | F30: M3 | G30: =+((G301+G299)*1.15)*0.3*0.33 -> 313.0875 | H30: 61280 | I30: =+J30*G30 -> 25008954 | J30: =+H30*J9 -> 79878.48
A31: 13 | B31: 4.1.2 | C31: Ref. Precio EPC | E31: EXCAVACIONES MANUAL EN TIERRA DE 2 A 4 M DE PROFUNDIDAD | F31: M3 | G31: 10 | H31: 54933 | I31: =+J31*G31 -> 716051.66 | J31: =+H31*J9 -> 71605.166
A32: 14 | B32: 4.1.2 | C32: Ref. Precio EPC | E32: EXCAVACIONES MANUAL EN TIERRA A PROFUNDIDADES MAYORES DE 4 M | F32: M3 | G32: 10 | H32: 70628 | I32: =+J32*G32 -> 920635.98 | J32: =+H32*J9 -> 92063.598
A33: Subtotal | I33: =SUM(I30:I32) -> 26645641
B34: 4.2 | E34: EXCAVACIONES MANUAL EN CONGLOMERADO
A35: 15 | B35: 4.2.1 | C35: Ref. Precio EPC | E35: EXCAVACIONES MANUAL EN CONGLOMERADO DE 0 A 2 M DE PROFUNDIDAD | F35: M3 | G35: 7 | H35: 71367 | I35: =+J35*G35 -> 651188.19 | J35: =+H35*J9 -> 93026.885
A36: 16 | B36: 4.2.2 | C36: Ref. Precio EPC | E36: EXCAVACIONES MANUAL EN CONGLOMERADO DE 2 A 4 M DE PROFUNDIDAD | F36: M3 | G36: 7 | H36: 61800 | I36: =+J36*G36 -> 563894.1 | J36: =+H36*$J$9 -> 80556.3
A37: 17 | B37: 4.2.3 | C37: Ref. Precio EPC | E37: EXCAVACIONES MANUAL EN CONGLOMERADO A PROFUNDIDADES MAYORES DE 4M | F37: M3 | G37: 7 | H37: 84000 | I37: =+J37*G37 -> 766458 | J37: =+H37*$J$9 -> 109494
A38: Subtotal | I38: =SUM(I35:I37) -> 1981540.3
B39: 4.3 | E39: EXCAVACIÓN MECÁNICA A CUALQUIER PROFUNDIDAD
A40: 18 | B40: 4.3.1 | C40: Ref. Precio EPC | E40: EXCAVACIÓN MECÁNICA A CUALQUIER PROFUNDIDAD | F40: M3 | G40: 14 | H40: 10185 | I40: =+J40*G40 -> 185866.07 | J40: =+H40*$J$9 -> 13276.148
A41: Subtotal | I41: =SUM(I40) -> 185866.07
B42: 4.4 | E42: EXCAVACIÓN EN ROCA
A43: 19 | B43: 4.4.1 | C43: Ref. Precio EPC | E43: EXCAVACIÓN MECÁNICA EN ROCA, EN SECO, SIN EXPLOSIVOS | F43: M3 | G43: =7*1.5 -> 10.5 | H43: 145580 | I43: =+J43*G43 -> 1992517.1 | J43: =+H43*$J$9 -> 189763.53
A44: Subtotal | I44: =SUM(I43) -> 1992517.1
B45: 4.5 | E45: ENTIBADOS
A46: 20 | B46: 4.5.1 | C46: Ref. Precio EPC | E46: ENTIBADO TIPO 1 (APUNTALAMIENTO EN MADERA) | F46: M2 | G46: 10 | H46: 37751 | I46: =+J46*G46 -> 492084.29 | J46: =+H46*$J$9 -> 49208.429
A47: 21 | B47: 4.5.2 | C47: Ref. Precio EPC | E47: ENTIBADO TIPO 1A (DISCONTINUO EN MADERA) | F47: M2 | G47: 10 | H47: 20019 | I47: =+J47*G47 -> 260947.67 | J47: =+H47*$J$9 -> 26094.767
A48: 22 | B48: 4.5.3 | C48: Ref. Precio EPC | E48: ENTIBADO TIPO 2 (CONTINUO EN MADERA) | F48: M2 | G48: 10 | H48: 36776 | I48: =+J48*G48 -> 479375.16 | J48: =+H48*$J$9 -> 47937.516
A49: 23 | B49: 4.5.4 | C49: Ref. Precio EPC | E49: ENTIBADO TIPO 3 (METÁLICO) | F49: M2 | G49: 10 | H49: 45620 | I49: =+J49*G49 -> 594656.7 | J49: =+H49*$J$9 -> 59465.67
A50: Subtotal | I50: =SUM(I46:I49) -> 1827063.8
B51: 5 | E51: RELLENOS
B52: 5.1 | E52: RELLENOS
A53: 24 | B53: 5.1.1 | C53: Ref. Precio EPC | E53: RELLENO CON MATERIAL SELECCIONADO PROCEDENTE DE LA EXCAVACIÓN | F53: M3 | G53: =+((G299+G301)*1.15)*0.23*0.3 -> 218.2125 | H53: 26934 | I53: =+J53*G53 -> 7661106.8 | J53: =+H53*$J$9 -> 35108.469
A54: 25 | B54: 5.1.2 | C54: Ref. Precio EPC | E54: RECEBO COMÚN COMPACTADO MECÁNICAMENTE (RANA) | F54: M3 | G54: 7 | H54: 87333 | I54: =+J54*G54 -> 796869.96 | J54: =+H54*$J$9 -> 113838.57
A55: 26 | B55: 5.1.3 | C55: Ref. Precio EPC | E55: RECEBO COMÚN COMPACTADO MECÁNICAMENTE (VIBRO COMPACTADOR) | F55: M3 | G55: 7 | H55: 61513 | I55: =+J55*G55 -> 561275.37 | J55: =+H55*$J$9 -> 80182.196
A56: 27 | B56: 5.1.4 | C56: Ref. Precio EPC | E56: SUBBASE GRANULAR TIPO 320.1-07 (NORMA INVÍAS) | F56: M3 | G56: 7 | H56: 236411 | I56: =+J56*G56 -> 2157132.2 | J56: =+H56*$J$9 -> 308161.74
A57: 28 | B57: 5.1.5 | C57: Ref. Precio EPC | E57: BASE GRANULAR TIPO INV 330.1-07 (NORMA INVIAS) | F57: M3 | G57: 7 | H57: 139696 | I57: =+J57*G57 -> 1274656.2 | J57: =+H57*$J$9 -> 182093.74
A58: 29 | B58: 5.1.3 | C58: Ref. Precio EPC | E58: ARENA DE PEÑA PARA SOPORTE DE TUBERÍA | F58: M3 | G58: 7 | H58: 183224 | I58: =+J58*G58 -> 1671827.4 | J58: =+H58*$J$9 -> 238832.48
A59: Subtotal | I59: =SUM(I53:I58) -> 14122868
B60: 5.2 | E60: GRAVILLA
A61: 30 | B61: 5.2.1 | C61: Ref. Precio EPC | E61: GRAVA | F61: M3 | G61: 7 | H61: 217037 | I61: =+J61*G61 -> 1980354.1 | J61: =+H61*$J$9 -> 282907.73
A62: 31 | B62: 5.2.2 | C62: Ref. Precio EPC | E62: TRITURADO | F62: M3 | G62: 7 | H62: 108177 | I62: =+J62*G62 -> 987061.04 | J62: =+H62*$J$9 -> 141008.72
A63: Subtotal | I63: =SUM(I61:I62) -> 2967415.1
B64: 5.3 | E64: OBRAS DE PROTECCIÓN (SUMINISTRO Y COLOCACIÓN).
A65: 32 | B65: 5.3.1 | C65: Ref. Precio EPC | E65: ENROCADO DE PROTECCIÓN (PIEDRA Y CONCRETO DE 17.2 MPA (2500 PSI)) | F65: M3 | G65: 10 | H65: 730250 | I65: =+J65*G65 -> 9518808.8 | J65: =+H65*$J$9 -> 951880.88
A66: 33 | B66: 5.3.2 | C66: Ref. Precio EPC | E66: GAVIONES (INCLUYE, FORMALETA, MALLA Y PIEDRA) Y MANO DE OBRA | F66: M3 | G66: 5 | H66: 301190 | I66: =+J66*G66 -> 1963005.8 | J66: =+H66*$J$9 -> 392601.17
A67: Subtotal | I67: =SUM(I65:I66) -> 11481815
B68: 5.4 | E68: TERRAPLÉN
A69: 34 | B69: 5.4.1 | C69: Ref. Precio EPC | E69: BOLSACRETOS (INCLUYE, BOLSACRETO TIPO 1101 (1.20X2.40 1 M3), CONCRETO 13,8 MPA (2000 PSI), ANCLAJES Y M.O) | F69: UN | G69: 5 | H69: 599576 | I69: =+J69*G69 -> 3907736.6 | J69: =+H69*$J$9 -> 781547.32
A70: 35 | B70: 5.4.2 | C70: Ref. Precio EPC | E70: BOLSASUELOS EN POLIETILENO. CAPACIDAD 1 M3 INCLUYE LLENADO CON MATERIAL SELECCIONADO DE OBRA | F70: UN | G70: 5 | H70: 30880 | I70: =+J70*G70 -> 201260.4 | J70: =+H70*$J$9 -> 40252.08
A71: Subtotal | I71: =SUM(I69:I70) -> 4108997
B72: 6 | E72: CARGUE Y RETIRO DE SOBRANTES
A73: 36 | B73: 6.1.1 | C73: Ref. Precio EPC | E73: CARGUE Y RETIRO DE SOBRANTES (HASTA 5 KM) INCLUYE DERECHOS DE BOTADERO | F73: M3 | G73: =7*2 -> 14 | H73: 28399 | I73: =+J73*G73 -> 518253.35 | J73: =+H73*$J$9 -> 37018.096
A74: 37 | B74: 6.1.2 | C74: Ref. Precio EPC | E74: TRANSPORTE DE SOBRANTES (NO INCLUYE CARGUE NI DERECHOS BOTADERO) | F74: M3/KM | G74: =+G73 -> 14 | H74: 1282 | I74: =+J74*G74 -> 23395.218 | J74: =+H74*$J$9 -> 1671.087
A75: 38 | B75: 7462 | C75: Ref. Precio IDU | E75: Transporte de petreos | F75: M3-KM | G75: =+G30-G53 -> 94.875 | H75: 1800 | I75: =+J75*G75 -> 222605.21 | J75: =+H75*$J$9 -> 2346.3
A76: 39 | B76: 11.1 | C76: Ref. Precio INVIAS | E76: Transporte de tubería, prefabricados, acero y cemento | F76: TN-KM | G76: 15 | H76: 58912 | I76: =+J76*G76 -> 1151876.9 | J76: =+H76*$J$9 -> 76791.792
A77: 40 | B77: 2.07.10 | C77: Ref. Precio GB | E77: Transporte de carga mular hasta 4 km | F77: Carga | G77: 1 | H77: 123980 | I77: =+J77*G77 -> 161607.93 | J77: =+H77*$J$9 -> 161607.93
A78: Subtotal | I78: =SUM(I73:I77) -> 2077738.6
B79: 7 | E79: CONDUCCIONES Y REDES DE ACUEDUCTO
B80: 7.1 | E80: INSTALACIÓN TUBERÍAS PVC PRESIÓN SOLDAR.
A81: 41 | B81: 10481 | C81: Ref. Precio IDRD | D81: APU FDLU | E81: Suministro e intalación Tuberia PVC d=1/2" RDE13.5 ** | F81: ML | G81: 10 | H81: 3525 | I81: =+J81*G81 -> 45948.375 | J81: =+H81*$J$9 -> 4594.8375
A82: 42 | B82: 10579 | C82: Ref. Precio IDRD | D82: APU FDLU | E82: Suministro e intalación Tuberia PVC d=3/4" RDE21 ** | F82: ML | G82: 10 | H82: 3544 | I82: =+J82*G82 -> 46196.04 | J82: =+H82*$J$9 -> 4619.604
A83: 43 | B83: 15139 | C83: Ref. Precio IDRD | D83: APU FDLU | E83: Suministro e intalación Tuberia PVC. 1 " RDE 21 ** | F83: ML | G83: 20 | H83: 3559 | I83: =+J83*G83 -> 92783.13 | J83: =+H83*$J$9 -> 4639.1565
A84: 44 | B84: 6257 | C84: Ref. Precio IDRD | D84: APU FDLU | E84: Suministro e intalación Tuberia PVC. d=2" RDE21 | F84: ML | G84: 20 | H84: 19650 | I84: =+J84*G84 -> 512275.5 | J84: =+H84*$J$9 -> 25613.775
A85: 45 | B85: 6258 | C85: Ref. Precio IDRD | D85: APU FDLU | E85: Suministro e intalación Tuberia PVC. d=2 1/2" RDE21 *** | F85: ML | G85: 20 | H85: 29250 | I85: =+J85*G85 -> 762547.5 | J85: =+H85*$J$9 -> 38127.375
A86: 46 | B86: 6259 | C86: Ref. Precio IDRD | D86: APU FDLU | E86: Suministro e intalación Tuberia PVC. d=3" RDE 21 ** | F86: ML | G86: 20 | H86: 51431 | I86: =+J86*G86 -> 1340806.2 | J86: =+H86*$J$9 -> 67040.308
A87: 47 | B87: 6260 | C87: Ref. Precio IDRD | D87: APU FDLU | E87: Suministro e intalación Tuberia PVC. RDE 21 d=4" ** | F87: ML | G87: 20 | H87: 64984 | I87: =+J87*G87 -> 1694132.9 | J87: =+H87*$J$9 -> 84706.644
A88: 48 | B88: 6261 | C88: Ref. Precio IDRD | D88: APU FDLU | E88: Suministro e intalación Tuberia PVC. RDE 21 d=6" ** | F88: ML | G88: 20 | H88: 133504 | I88: =+J88*G88 -> 3480449.3 | J88: =+H88*$J$9 -> 174022.46
A89: Subtotal | I89: =SUM(I81:I88) -> 7975138.9
B90: 7.2 | E90: INSTALACIÓN ACCESORIOS PVC PRESIÓN
A91: 49 | B91: 7.2.1 | C91: Ref. Precio EPC | E91: INSTALACIÓN ACCESORIO PVC SOLDAR D=1/2" | F91: UN | G91: 2 | H91: 4074 | I91: =+J91*G91 -> 10620.918 | J91: =+H91*$J$9 -> 5310.459
A92: 50 | B92: 7.2.2 | C92: Ref. Precio EPC | E92: INSTALACIÓN ACCESORIO PVC SOLDAR D=3/4" | F92: UN | G92: 2 | H92: 4344 | I92: =+J92*G92 -> 11324.808 | J92: =+H92*$J$9 -> 5662.404
A93: Subtotal | I93: =SUM(I91:I92) -> 21945.726
B94: 7.3 | E94: INSTALACIÓN TUBERÍA PVC UNIÓN MECÁNICA.
A95: 51 | B95: 11903 | C95: Ref. Precio IDU | E95: UNIÓN CPVC TIPO U.S.Ø 1/2". SUMINISTRO E INSTALACIÓN. | F95: UN | G95: 5 | H95: 1689 | I95: =+J95*G95 -> 11008.057 | J95: =+H95*$J$9 -> 2201.6115
A96: 52 | B96: 11904 | C96: Ref. Precio IDU | E96: UNIÓN CPVC TIPO U.S. Ø 3/4". SUMINISTRO E INSTALACIÓN. | F96: UN | G96: 5 | H96: 2493 | I96: =+J96*G96 -> 16248.128 | J96: =+H96*$J$9 -> 3249.6255
A97: 53 | B97: 11951 | C97: Ref. Precio IDU | E97: UNIÓN BRIDA x ACOPLE UNIVERSAL 3"(SUMINISTRO E INSTALACIÓN). | F97: UN | G97: 2 | H97: 182070 | I97: =+J97*G97 -> 474656.49 | J97: =+H97*$J$9 -> 237328.25
A98: 54 | B98: 11952 | C98: Ref. Precio IDU | E98: UNIÓN BRIDA x ACOPLE UNIVERSAL 4"(SUMINISTRO E INSTALACIÓN). | F98: UN | G98: 2 | H98: 199920 | I98: =+J98*G98 -> 521191.44 | J98: =+H98*$J$9 -> 260595.72
A99: Subtotal | I99: =SUM(I95:I98) -> 1023104.1
B100: 7.4 | E100: INSTALACIÓN ACCESORIOS PVC UNIÓN MECÁNICA
A101: 55 | B101: 7.4.1 | C101: Ref. Precio EPC | E101: INSTALACIÓN ACCESORIO PVC UNIÓN MECÁNICA D=2" | F101: UN | G101: 4 | H101: 3988 | I101: =+J101*G101 -> 20793.432 | J101: =+H101*$J$9 -> 5198.358
A102: 56 | B102: 7.4.2 | C102: Ref. Precio EPC | E102: INSTALACIÓN ACCESORIO PVC UNIÓN MECÁNICA D=2 1/2" | F102: UN | G102: 4 | H102: 3991 | I102: =+J102*G102 -> 20809.074 | J102: =+H102*$J$9 -> 5202.2685
A103: 57 | B103: 7.4.3 | C103: Ref. Precio EPC | E103: INSTALACIÓN ACCESORIO PVC UNIÓN MECÁNICA D=3" | F103: UN | G103: 5 | H103: 3994 | I103: =+J103*G103 -> 26030.895 | J103: =+H103*$J$9 -> 5206.179
...

Sheet PRESUPUESTO LAS MARGARITAS
A2: Formulario 1 - Propuesta económica - Documento tipo de licitación de obra pública de agua potable y saneamiento básico | D2: ALCALDIA LOCAL DE USME REALIZAR POR EL SISTEMA DE PRECIOS UNITARIOS FIJOS SIN FORMULA DE REAJUSTE Y HASTA MONTO AGOTABLE, LA CONSERVACIÓN, Y LAS OBRAS REQUERIDAS PARA LA OPTIMIZACION Y MEJORAMIENTO DE LOS ACUEDUCTOS VEREDALES EN LA LOCALIDAD DE USME
A3: Código | B3: CCE-EICP-FM-47 | C3: 1
A4: FORMULARIO 1
A5: PRESUPUESTO OFICIAL
A8: Nº | B8: ÍTEM DE PAGO | C8: ESPECIFICACIONES | E8: DESCRIPCIÓN | F8: UND. | G8: CANTIDAD | H8: VALOR UNITARIO | I8: VALOR TOTAL | J8: VALOR UN. INC. A.I.U 29,21%
C9: GENERAL | D9: PARTICULAR | J9: 1.3035
B10: 1 | E10: OBRAS PRELIMINARES
B11: 1.1 | E11: ACTIVIDADES PRELIMINARES
A12: 1 | B12: 1.1.1 | C12: Ref. Precio EPC | E12: LOCALIZACIÓN Y REPLANTEO REDES | F12: ML | G12: 1200 | H12: 12426 | I12: =+H12*G12 -> 14911200 | J12: =+H12*J9 -> 16197.291
A13: 2 | B13: 1.1.2 | C13: Ref. Precio EPC | E13: LOCALIZACIÓN Y REPLANTEO ESTRUCTURAS | F13: M2 | G13: =5*5 -> 25 | H13: 15249 | I13: =+J13*G13 -> 496926.79 | J13: =+H13*J9 -> 19877.072
A14: 2 | B14: 1.1.3 | C14: Ref. Precio EPC | E14: MANEJO DE AGUAS EN ZANJA, CUALQUIER ANCHO. | F14: ML | G14: 15 | H14: 11382 | I14: =+J14*G14 -> 222546.56 | J14: =+H14*J9 -> 14836.437 | L14: 300 | M14: 0.3
A15: 3 | B15: 1.1.4 | C15: Ref. Precio EPC | E15: DESVIACIÓN DE CAUCE ENTRE 0 A 1 M | F15: ML | G15: 20 | H15: 48825 | I15: =+J15*G15 -> 1272867.8 | J15: =+H15*J9 -> 63643.388 | M15: =+L14*M14 -> 90
A16: 4 | B16: 1.1.5 | C16: Ref. Precio EPC | E16: DESVIACIÓN DE CAUCE ENTRE 1 A 3 M | F16: ML | G16: 10 | H16: 61031 | I16: =+J16*G16 -> 795539.09 | J16: =+H16*J9 -> 79553.909
A17: Subtotal | I17: =SUM(I12:I16) -> 17699080
B18: 2 | E18: DEMOLICIONES, DESMONTE Y DESCAPOTE
B19: 2.1 | E19: DEMOLICIONES
A20: 5 | B20: 2.1.1 | C20: Ref. Precio EPC | E20: DEMOLICIÓN DE ESTRUCTURAS EN CONCRETO | F20: M3 | G20: =7*1 -> 7 | H20: 121340 | I20: =+J20*G20 -> 1107166.8 | J20: =+H20*J9 -> 158166.69
A21: 6 | B21: 2.1.2 | C21: Ref. Precio EPC | E21: DEMOLICIÓN DE PAVIMENTO FLEXIBLE (INCLUYE CORTE A MÁQUINA 2 COSTADOS) | F21: M3 | G21: 15 | H21: 110429 | I21: =+J21*G21 -> 2159163 | J21: =+H21*J9 -> 143944.2
A22: 7 | B22: 2.1.2 | C22: Ref. Precio EPC | E22: DEMOLICIÓN CAJAS DE INSPECCIÓN | F22: UN | G22: 4 | H22: 74832 | I22: =+J22*G22 -> 390174.05 | J22: =+H22*J9 -> 97543.512
A23: 8 | B23: 2.1.4 | C23: Ref. Precio EPC | E23: DEMOLICIÓN DE PAVIMENTO RÍGIDO (INCLUYE CORTE A MÁQUINA 2 COSTADOS) | F23: M3 | G23: 15 | H23: 128491 | I23: =+J23*G23 -> 2512320.3 | J23: =+H23*J9 -> 167488.02
A24: 9 | B24: 2.1.3 | C24: Ref. Precio EPC | E24: DEMOLICIÓN DE ANDENES Y SARDINELES (INCLUYE CORTE A MÁQUINA 2 COSTADOS) | F24: M3 | G24: 10 | H24: 76623 | I24: =+J24*G24 -> 998780.81 | J24: =+H24*J9 -> 99878.081
A25: 10 | B25: 2.1.4 | C25: Ref. Precio EPC | E25: DESCAPOTE MANUAL Y RETIRO E= 0.20 M APILE A 15 M | F25: M2 | G25: 20 | H25: 11042 | I25: =+J25*G25 -> 287864.94 | J25: =+H25*J9 -> 14393.247
A26: 11 | B26: 2.1.5 | C26: Ref. Precio EPC | E26: DESMONTE Y LIMPIEZA (CON RETIRO) | F26: M2 | G26: 20 | H26: 30516 | I26: =+J26*G26 -> 795552.12 | J26: =+H26*J9 -> 39777.606
A27: Subtotal | I27: =SUM(I20:I26) -> 8251022
B28: 4 | E28: EXCAVACIONES, NO INCLUYE CARGUE NI TRANSPORTE
B29: 4.1 | E29: EXCAVACIONES MANUAL EN TIERRA
A30: 12 | B30: 4.1.1 | C30: Ref. Precio EPC | E30: EXCAVACIONES MANUAL EN TIERRA DE 0 A 2 M DE PROFUNDIDAD | F30: M3 | G30: =+G12*0.3*0.2 -> 72 | H30: 61280 | I30: =+J30*G30 -> 5751250.6 | J30: =+H30*J9 -> 79878.48
A31: 13 | B31: 4.1.2 | C31: Ref. Precio EPC | E31: EXCAVACIONES MANUAL EN TIERRA DE 2 A 4 M DE PROFUNDIDAD | F31: M3 | G31: 10 | H31: 54933 | I31: =+J31*G31 -> 716051.66 | J31: =+H31*J9 -> 71605.166
A32: 14 | B32: 4.1.2 | C32: Ref. Precio EPC | E32: EXCAVACIONES MANUAL EN TIERRA A PROFUNDIDADES MAYORES DE 4 M | F32: M3 | G32: 10 | H32: 70628 | I32: =+J32*G32 -> 920635.98 | J32: =+H32*J9 -> 92063.598
A33: Subtotal | I33: =SUM(I30:I32) -> 7387938.2
B34: 4.2 | E34: EXCAVACIONES MANUAL EN CONGLOMERADO
A35: 15 | B35: 4.2.1 | C35: Ref. Precio EPC | E35: EXCAVACIONES MANUAL EN CONGLOMERADO DE 0 A 2 M DE PROFUNDIDAD | F35: M3 | G35: 10 | H35: 71367 | I35: =+J35*G35 -> 930268.84 | J35: =+H35*J9 -> 93026.885
A36: 16 | B36: 4.2.2 | C36: Ref. Precio EPC | E36: EXCAVACIONES MANUAL EN CONGLOMERADO DE 2 A 4 M DE PROFUNDIDAD | F36: M3 | G36: 10 | H36: 61800 | I36: =+J36*G36 -> 805563 | J36: =+H36*$J$9 -> 80556.3
A37: 17 | B37: 4.2.3 | C37: Ref. Precio EPC | E37: EXCAVACIONES MANUAL EN CONGLOMERADO A PROFUNDIDADES MAYORES DE 4M | F37: M3 | G37: 10 | H37: 84000 | I37: =+J37*G37 -> 1094940 | J37: =+H37*$J$9 -> 109494
A38: Subtotal | I38: =SUM(I35:I37) -> 2830771.8
B39: 4.3 | E39: EXCAVACIÓN MECÁNICA A CUALQUIER PROFUNDIDAD
A40: 18 | B40: 4.3.1 | C40: Ref. Precio EPC | E40: EXCAVACIÓN MECÁNICA A CUALQUIER PROFUNDIDAD | F40: M3 | G40: 10 | H40: 10185 | I40: =+J40*G40 -> 132761.48 | J40: =+H40*$J$9 -> 13276.148
A41: Subtotal | I41: =SUM(I40) -> 132761.48
B42: 4.4 | E42: EXCAVACIÓN EN ROCA
A43: 19 | B43: 4.4.1 | C43: Ref. Precio EPC | E43: EXCAVACIÓN MECÁNICA EN ROCA, EN SECO, SIN EXPLOSIVOS | F43: M3 | G43: =7*1.5 -> 10.5 | H43: 145580 | I43: =+J43*G43 -> 1992517.1 | J43: =+H43*$J$9 -> 189763.53
A44: Subtotal | I44: =SUM(I43) -> 1992517.1
B45: 4.5 | E45: ENTIBADOS
A46: 20 | B46: 4.5.1 | C46: Ref. Precio EPC | E46: ENTIBADO TIPO 1 (APUNTALAMIENTO EN MADERA) | F46: M2 | G46: 10 | H46: 37751 | I46: =+J46*G46 -> 492084.29 | J46: =+H46*$J$9 -> 49208.429
A47: 21 | B47: 4.5.2 | C47: Ref. Precio EPC | E47: ENTIBADO TIPO 1A (DISCONTINUO EN MADERA) | F47: M2 | G47: 10 | H47: 20019 | I47: =+J47*G47 -> 260947.67 | J47: =+H47*$J$9 -> 26094.767
A48: 22 | B48: 4.5.3 | C48: Ref. Precio EPC | E48: ENTIBADO TIPO 2 (CONTINUO EN MADERA) | F48: M2 | G48: 10 | H48: 36776 | I48: =+J48*G48 -> 479375.16 | J48: =+H48*$J$9 -> 47937.516
A49: 23 | B49: 4.5.4 | C49: Ref. Precio EPC | E49: ENTIBADO TIPO 3 (METÁLICO) | F49: M2 | G49: 10 | H49: 45620 | I49: =+J49*G49 -> 594656.7 | J49: =+H49*$J$9 -> 59465.67
A50: Subtotal | I50: =SUM(I46:I49) -> 1827063.8
B51: 5 | E51: RELLENOS
B52: 5.1 | E52: RELLENOS
A53: 24 | B53: 5.1.1 | C53: Ref. Precio EPC | E53: RELLENO CON MATERIAL SELECCIONADO PROCEDENTE DE LA EXCAVACIÓN | F53: M3 | G53: =+G30 -> 72 | H53: 26934 | I53: =+J53*G53 -> 2527809.8 | J53: =+H53*$J$9 -> 35108.469
A54: 25 | B54: 5.1.2 | C54: Ref. Precio EPC | E54: RECEBO COMÚN COMPACTADO MECÁNICAMENTE (RANA) | F54: M3 | G54: 15 | H54: 87333 | I54: =+J54*G54 -> 1707578.5 | J54: =+H54*$J$9 -> 113838.57
A55: 26 | B55: 5.1.3 | C55: Ref. Precio EPC | E55: RECEBO COMÚN COMPACTADO MECÁNICAMENTE (VIBRO COMPACTADOR) | F55: M3 | G55: 15 | H55: 61513 | I55: =+J55*G55 -> 1202732.9 | J55: =+H55*$J$9 -> 80182.196
A56: 27 | B56: 5.1.4 | C56: Ref. Precio EPC | E56: SUBBASE GRANULAR TIPO 320.1-07 (NORMA INVÍAS) | F56: M3 | G56: 15 | H56: 236411 | I56: =+J56*G56 -> 4622426.1 | J56: =+H56*$J$9 -> 308161.74
A57: 28 | B57: 5.1.5 | C57: Ref. Precio EPC | E57: BASE GRANULAR TIPO INV 330.1-07 (NORMA INVIAS) | F57: M3 | G57: 15 | H57: 139696 | I57: =+J57*G57 -> 2731406 | J57: =+H57*$J$9 -> 182093.74
A58: 29 | B58: 5.1.3 | C58: Ref. Precio EPC | E58: ARENA DE PEÑA PARA SOPORTE DE TUBERÍA | F58: M3 | G58: 15 | H58: 183224 | I58: =+J58*G58 -> 3582487.3 | J58: =+H58*$J$9 -> 238832.48
A59: Subtotal | I59: =SUM(I53:I58) -> 16374441
B60: 5.2 | E60: GRAVILLA
A61: 30 | B61: 5.2.1 | C61: Ref. Precio EPC | E61: GRAVA | F61: M3 | G61: 7 | H61: 217037 | I61: =+J61*G61 -> 1980354.1 | J61: =+H61*$J$9 -> 282907.73
A62: 31 | B62: 5.2.2 | C62: Ref. Precio EPC | E62: TRITURADO | F62: M3 | G62: 7 | H62: 108177 | I62: =+J62*G62 -> 987061.04 | J62: =+H62*$J$9 -> 141008.72
A63: Subtotal | I63: =SUM(I61:I62) -> 2967415.1
B64: 5.3 | E64: OBRAS DE PROTECCIÓN (SUMINISTRO Y COLOCACIÓN).
A65: 32 | B65: 5.3.1 | C65: Ref. Precio EPC | E65: ENROCADO DE PROTECCIÓN (PIEDRA Y CONCRETO DE 17.2 MPA (2500 PSI)) | F65: M3 | G65: 7 | H65: 730250 | I65: =+J65*G65 -> 6663166.1 | J65: =+H65*$J$9 -> 951880.88
A66: 33 | B66: 5.3.2 | C66: Ref. Precio EPC | E66: GAVIONES (INCLUYE, FORMALETA, MALLA Y PIEDRA) Y MANO DE OBRA | F66: M3 | G66: 7 | H66: 301190 | I66: =+J66*G66 -> 2748208.2 | J66: =+H66*$J$9 -> 392601.17
A67: Subtotal | I67: =SUM(I65:I66) -> 9411374.3
B68: 5.4 | E68: TERRAPLÉN
A69: 34 | B69: 5.4.1 | C69: Ref. Precio EPC | E69: BOLSACRETOS (INCLUYE, BOLSACRETO TIPO 1101 (1.20X2.40 1 M3), CONCRETO 13,8 MPA (2000 PSI), ANCLAJES Y M.O) | F69: UN | G69: 20 | H69: 599576 | I69: =+J69*G69 -> 15630946 | J69: =+H69*$J$9 -> 781547.32
A70: 35 | B70: 5.4.2 | C70: Ref. Precio EPC | E70: BOLSASUELOS EN POLIETILENO. CAPACIDAD 1 M3 INCLUYE LLENADO CON MATERIAL SELECCIONADO DE OBRA | F70: UN | G70: =+G69/2 -> 10 | H70: 30880 | I70: =+J70*G70 -> 402520.8 | J70: =+H70*$J$9 -> 40252.08
A71: Subtotal | I71: =SUM(I69:I70) -> 16033467
B72: 6 | E72: CARGUE Y RETIRO DE SOBRANTES
A73: 36 | B73: 6.1.1 | C73: Ref. Precio EPC | E73: CARGUE Y RETIRO DE SOBRANTES (HASTA 5 KM) INCLUYE DERECHOS DE BOTADERO | F73: M3 | G73: =7*2 -> 14 | H73: 28399 | I73: =+J73*G73 -> 518253.35 | J73: =+H73*$J$9 -> 37018.096
A74: 37 | B74: 6.1.2 | C74: Ref. Precio EPC | E74: TRANSPORTE DE SOBRANTES (NO INCLUYE CARGUE NI DERECHOS BOTADERO) | F74: M3/KM | G74: =+G73 -> 14 | H74: 1282 | I74: =+J74*G74 -> 23395.218 | J74: =+H74*$J$9 -> 1671.087
A75: 38 | B75: 7462 | C75: Ref. Precio IDU | E75: Transporte de petreos | F75: M3-KM | G75: 5 | H75: 1800 | I75: =+J75*G75 -> 11731.5 | J75: =+H75*$J$9 -> 2346.3
A76: 39 | B76: 11.1 | C76: Ref. Precio INVIAS | E76: Transporte de tubería, prefabricados, acero y cemento | F76: TN-KM | G76: =15+5 -> 20 | H76: 58912 | I76: =+J76*G76 -> 1535835.8 | J76: =+H76*$J$9 -> 76791.792
A77: 40 | B77: 2.07.10 | C77: Ref. Precio GB | E77: Transporte de carga mular hasta 4 km | F77: Carga | G77: 30 | H77: 123980 | I77: =+J77*G77 -> 4848237.9 | J77: =+H77*$J$9 -> 161607.93
A78: Subtotal | I78: =SUM(I73:I77) -> 6937453.8
B79: 7 | E79: CONDUCCIONES Y REDES DE ACUEDUCTO
B80: 7.1 | E80: INSTALACIÓN TUBERÍAS PVC PRESIÓN SOLDAR.
A81: 41 | B81: 10481 | C81: Ref. Precio IDRD | D81: APU FDLU | E81: Suministro e intalación Tuberia PVC d=1/2" RDE13.5 ** | F81: ML | G81: 10 | H81: 3525 | I81: =+J81*G81 -> 45948.375 | J81: =+H81*$J$9 -> 4594.8375
A82: 42 | B82: 10579 | C82: Ref. Precio IDRD | D82: APU FDLU | E82: Suministro e intalación Tuberia PVC d=3/4" RDE21 ** | F82: ML | G82: 10 | H82: 3544 | I82: =+J82*G82 -> 46196.04 | J82: =+H82*$J$9 -> 4619.604
A83: 43 | B83: 15139 | C83: Ref. Precio IDRD | D83: APU FDLU | E83: Suministro e intalación Tuberia PVC. 1 " RDE 21 ** | F83: ML | G83: 10 | H83: 3559 | I83: =+J83*G83 -> 46391.565 | J83: =+H83*$J$9 -> 4639.1565
A84: 44 | B84: 6257 | C84: Ref. Precio IDRD | D84: APU FDLU | E84: Suministro e intalación Tuberia PVC. d=2" RDE21 | F84: ML | G84: 10 | H84: 19650 | I84: =+J84*G84 -> 256137.75 | J84: =+H84*$J$9 -> 25613.775
A85: 45 | B85: 6258 | C85: Ref. Precio IDRD | D85: APU FDLU | E85: Suministro e intalación Tuberia PVC. d=2 1/2" RDE21 *** | F85: ML | G85: 10 | H85: 29250 | I85: =+J85*G85 -> 381273.75 | J85: =+H85*$J$9 -> 38127.375
A86: 46 | B86: 6259 | C86: Ref. Precio IDRD | D86: APU FDLU | E86: Suministro e intalación Tuberia PVC. d=3" RDE 21 ** | F86: ML | G86: 10 | H86: 51431 | I86: =+J86*G86 -> 670403.08 | J86: =+H86*$J$9 -> 67040.308
A87: 47 | B87: 6260 | C87: Ref. Precio IDRD | D87: APU FDLU | E87: Suministro e intalación Tuberia PVC. RDE 21 d=4" ** | F87: ML | G87: 10 | H87: 64984 | I87: =+J87*G87 -> 847066.44 | J87: =+H87*$J$9 -> 84706.644
A88: 48 | B88: 6261 | C88: Ref. Precio IDRD | D88: APU FDLU | E88: Suministro e intalación Tuberia PVC. RDE 21 d=6" ** | F88: ML | G88: 10 | H88: 133504 | I88: =+J88*G88 -> 1740224.6 | J88: =+H88*$J$9 -> 174022.46
A89: Subtotal | I89: =SUM(I81:I88) -> 4033641.6
B90: 7.2 | E90: INSTALACIÓN ACCESORIOS PVC PRESIÓN
A91: 49 | B91: 7.2.1 | C91: Ref. Precio EPC | E91: INSTALACIÓN ACCESORIO PVC SOLDAR D=1/2" | F91: UN | G91: 3 | H91: 4074 | I91: =+J91*G91 -> 15931.377 | J91: =+H91*$J$9 -> 5310.459
A92: 50 | B92: 7.2.2 | C92: Ref. Precio EPC | E92: INSTALACIÓN ACCESORIO PVC SOLDAR D=3/4" | F92: UN | G92: 3 | H92: 4344 | I92: =+J92*G92 -> 16987.212 | J92: =+H92*$J$9 -> 5662.404
A93: Subtotal | I93: =SUM(I91:I92) -> 32918.589
B94: 7.3 | E94: INSTALACIÓN TUBERÍA PVC UNIÓN MECÁNICA.
A95: 51 | B95: 11903 | C95: Ref. Precio IDU | E95: UNIÓN CPVC TIPO U.S.Ø 1/2". SUMINISTRO E INSTALACIÓN. | F95: UN | G95: 2 | H95: 1689 | I95: =+J95*G95 -> 4403.223 | J95: =+H95*$J$9 -> 2201.6115
A96: 52 | B96: 11904 | C96: Ref. Precio IDU | E96: UNIÓN CPVC TIPO U.S. Ø 3/4". SUMINISTRO E INSTALACIÓN. | F96: UN | G96: 2 | H96: 2493 | I96: =+J96*G96 -> 6499.251 | J96: =+H96*$J$9 -> 3249.6255
A97: 53 | B97: 11951 | C97: Ref. Precio IDU | E97: UNIÓN BRIDA x ACOPLE UNIVERSAL 3"(SUMINISTRO E INSTALACIÓN). | F97: UN | G97: 2 | H97: 182070 | I97: =+J97*G97 -> 474656.49 | J97: =+H97*$J$9 -> 237328.25
A98: 54 | B98: 11952 | C98: Ref. Precio IDU | E98: UNIÓN BRIDA x ACOPLE UNIVERSAL 4"(SUMINISTRO E INSTALACIÓN). | F98: UN | G98: 2 | H98: 199920 | I98: =+J98*G98 -> 521191.44 | J98: =+H98*$J$9 -> 260595.72
A99: Subtotal | I99: =SUM(I95:I98) -> 1006750.4
B100: 7.4 | E100: INSTALACIÓN ACCESORIOS PVC UNIÓN MECÁNICA
A101: 55 | B101: 7.4.1 | C101: Ref. Precio EPC | E101: INSTALACIÓN ACCESORIO PVC UNIÓN MECÁNICA D=2" | F101: UN | G101: 2 | H101: 3988 | I101: =+J101*G101 -> 10396.716 | J101: =+H101*$J$9 -> 5198.358
A102: 56 | B102: 7.4.2 | C102: Ref. Precio EPC | E102: INSTALACIÓN ACCESORIO PVC UNIÓN MECÁNICA D=2 1/2" | F102: UN | G102: 2 | H102: 3991 | I102: =+J102*G102 -> 10404.537 | J102: =+H102*$J$9 -> 5202.2685
A103: 57 | B103: 7.4.3 | C103: Ref. Precio EPC | E103: INSTALACIÓN ACCESORIO PVC UNIÓN MECÁNICA D=3" | F103: UN | G103: 2 | H103: 3994 | I103: =+J103*G103 -> 10412.358 | J103: =+H103*$J$9 -> 5206.179
...

Sheet PROPUESTA ECONOMICA(proponente)
A3: Formulario 1 - Propuesta económica - Documento tipo de licitación de obra pública de agua potable y saneamiento básico
A4: Código | B4: CCE-EICP-FM-47 | C4: Versión | D4: 1
A5: FORMULARIO 1
A6: PROPUESTA ECONÓMICA
A7: [La entidad puede utilizar este formulario de presentación de propuesta económica de forma detallada, sin perjuicio que la entidad pueda modificarlo o establecer la presentación de la oferta económica con un formulario distinto al indicado.] [Los proponentes emplearán el formulario establecido por la entidad para determinar su propuesta económica conforme al Formulario 1 - Presupuesto Oficial publicado por la Entidad]
A9: Cuando el proceso de contratación es estructurado por precios unitarios, la Entidad debe aplicar las notas 1, 2 y 3 del presente formato y las casillas de "Descripción", "Porcentaje" de la Administración, Imprevisto, Utilidad y total A.I.U. resaltadas en color amarillo.
A11: Nº | B11: ÍTEM DE PAGO | C11: ESPECIFICACIONES | E11: DESCRIPCIÓN | F11: UND. | G11: CANTIDAD | H11: VALOR UNITARIO | I11: VALOR TOTAL
C12: GENERAL | D12: PARTICULAR
A15: Subtotal
A21: Subtotal
A31: Subtotal
A36: Subtotal
A39: Subtotal
A40: SUBTOTAL OBRAS
E45: SUBTOTAL OBRAS (INCLUYE IVA)
E49: VALOR TOTAL
A52: NOTA 1: Se debe tener en cuenta que el PRECIO UNITARIO incluye el valor de A.I.U. | F52: DESCRIPCIÓN | I52: PORCENTAJE
A53: NOTA 2: Cuando la fracción decimal del peso sea igual o superior a 5 se aproximará por exceso al número entero siguiente del peso y cuando la fracción decimal del peso sea inferior a 5 se aproximará por defecto al número entero del peso. | F53: ADMINISTRACIÓN | H53: A=27.90% | I53: 0.279
A54: NOTA 3: El A.I.U y su discriminación deben estar en porcentaje (%). | F54: IMPREVISTO | H54: I=1% | I54: 0.01
A55: NOTA 4: Como el proceso es a monto agotable y la propuesta debe ser por precios unitarios, la la sumatoria de estos será el valor de la propuesta económica del proponente. Al momento de la adjudicación, se realizará por el valor total del presupuesto oficial establecido por la entidad contratante. | F55: UTILIDAD | H55: U=3% | I55: 0.03
F56: TOTAL A.I.U | H56: A.I.U.=31.90% | I56: =SUM(I53:I55) -> 0.319
E59: Firma del Proponente o de su Representante Legal

Sheet APU
C3: Formulario 1 - Propuesta económica - Documento tipo de licitación de obra pública de agua potable y saneamiento básico
C4: Código | D4: CCE-EICP-FM-47 | E4: Versión | F4: 1
C6: [La entidad podrá utilizar este formato, o el establecido por la entidad, para la presentación de los análisis de precios unitarios del contratista en la oportunidad prevista en el numeral 8.1. del Documento Base]
D9: [NOMBRE DE LA ENTIDAD]
L10: VERSIÓN
D11: [NÚMERO DEL PROCESO]
L12: PÁGINA | M12: 1 | N12: DE | O12: 1
D14: ANALISIS DE PRECIOS UNITARIOS
L16: FECHA | M16: DD | N16: MM | O16: AA
C18: ÍTEMS DE LA PROPUESTA ECONÓMICA | I18: ÍTEMS NO PREVISTOS
C22: DATOS ESPECÍFICOS
C24: ÍTEM | D24: DESCRIPCIÓN | M24: UNIDAD | O24: CANTIDAD
C26: I. EQUIPO
C29: DESCRIPCIÓN | H29: MARCA | J29: TIPO | L29: TARIFA/HORA | M29: RENDIMIENTO | O29: Vr. UNITARIO
C33: SUBTOTAL $
C34: II. MATERIALES
C37: DESCRIPCIÓN | K37: UNIDAD | L37: CANTIDAD | M37: PRECIO UNIT. | O37: Vr. UNITARIO
C40: SUBTOTAL $ | O40: 0
C41: III. TRANSPORTES
C44: MATERIAL | J44: VOL. o PESO | K44: DISTANCIA | L44: M3 o Ton/Km | M44: TARIFA | O44: Vr. UNITARIO
C47: SUBTOTAL $
C48: IV. MANO DE OBRA
C51: TRABAJADOR | J51: JORNAL | K51: PRESTACIONES | L51: JORNAL TOTAL | M51: RENDIMIENTO | O51: Vr. UNITARIO
C56: SUBTOTAL $
C58: TOTAL COSTO DIRECTO $
C59: V. COSTOS INDIRECTOS
C62: Descripción | L62: Porcentaje | M62: Valor Total
C63: ADMINISTRACION
C64: IMPREVISTOS
C65: UTILIDAD
C66: SUBTOTAL $
C68: Precio Unitario Total Aproximado al peso $
H72: Firma
H73: Nombre:
H74: Representante Legal del Contratista o su Apoderado
H75: Matricula No. :
C77: OBSERVACIONES INTERVENTORÍA
C81: APROBACIÓN POR INTERVENTORÍA
C82: Nota 1: Cuando se trate de Análisis de precios unitarios correspondientes a ítems de la propuesta económica aprobada, el Interventor aprueba el desglose de los componentes manteniendo el mismo precio unitario de cada ítem, cumpliendo con las especificaciones de construcción vigentes para el proyecto.
C84: Nota 2: Cuando se trate de Análisis de precios unitarios de ítems no previstos, el Interventor aprueba el desglose y precio unitario de cada ítem no previsto, exigiendo la aplicación de los costos correspondientes a insumos y tarifas de la propuesta económica inicial cuando estén contemplados, cumpliendo con las especificaciones de construcción vigente para el proyecto.
H87: Firma
H88: Nombre:
H89: Representante Legal del Interventor o su Apoderado
H90: Matricula No. :
